 Dungeon Crawl Stone Soup version 0.31-a0-1068-g5939ac1fb6 (webtiles) character file.

Game seed: 9240088906137353371

2144807 MackTheKnife the Infernalist (level 27, 241/241 (242) HPs)
             Began as a Demonspawn Air Elementalist on Nov 23, 2023.
             Was the Champion of Vehumet.
             Escaped with the Orb
             ... and 4 runes!
             The game lasted 02:59:02 (96711 turns).

MackTheKnife the Infernalist (DsAE)                Turns: 96711, Time: 02:59:02

HP:   241/241 (242) AC: 32    Str: 24    XL:     27
MP:   25/43         EV: 25    Int: 31    God:    Vehumet [******]
Gold: 8154          SH:  9    Dex: 18    Spells: 0/58 levels left

rFire   + . .        a - staff of Hurghium {*Corrode rC+ Will+ Int+5 Ice Poison, staff}
rCold   + + .        m - +3 buckler {rC+}
rNeg    + + .        h - +10 pearl dragon scales {rare=g}
rPois   .            J - +2 hat of the Monk {rElec}
rElec   +            L - +1 cloak of Starlight {*Dazzle EV+4 Stlth--}
rCorr   +            (gloves unavailable)
SInv    .            F - +2 pair of boots {Fly}
Will    +++++        M - amulet "Patetz" {Spirit Fragile rN+ Will+ Regen+} Stlth
                     c - ring "Citaig" {rElec rF+ EV+5 Str+7 Stlth-}
HPRegen 3.40/turn    G - ring of Zin's Generosity {rF+ Will+ rCorr Str+6 Slay-2}
MPRegen 0.28/turn

%: corrode self (3%), guardian spirit
@: brilliant, flying, studying 3 skills, lightly drained
A: claws 3, ignite blood 3, powered by death 3, augmentation 3, sanguine armour
3, thin skeletal structure 1, screaming 1, heat vulnerability 1
0: Orb of Zot
}: 4/15 runes: decaying, slimy, silver, gossamer
a: Renounce Religion


You escaped.
You worshipped Vehumet.
Vehumet was exalted by your worship.
You visited 11 branches of the dungeon, and saw 53 of its levels.
You completed 1 ziggurat, and saw 27 of its levels.
You also visited: Gauntlet.

You collected 9522 gold pieces.
You spent 1368 gold pieces at shops.


Innate Abilities, Weirdness & Mutations

You have claws for hands.
Your demonic aura causes all spilled blood to erupt in flames.
You regenerate a lot of health from kills.
Your magical and physical power is greatly enhanced at high health.
When seriously injured, your blood forms very thick armour. (AC +0)
You have a somewhat thin skeletal structure. (Dex +2, Stealth+)
You occasionally shout uncontrollably at your foes.
You are vulnerable to heat. (rF-)


   Skills:
 + Level 25.0 Fighting
 - Level 10.0 Long Blades
 - Level 10.0 Armour
 - Level 12.0 Dodging
 - Level 1.7 Stealth
 - Level 6.0 Shields
 - Level 16.0 Spellcasting
 - Level 25.7 Conjurations
 - Level 11.0 Summonings
 O Level 27 Fire Magic
 - Level 23.5 Air Magic
 - Level 3.0 Poison Magic
 - Level 4.0 Evocations


You couldn't memorise any spells.
You knew the following spells:

 Your Spells              Type           Power      Damage    Failure   Level
a - Stone Arrow           Conj/Erth      100%       3d13      1%          3
b - Airstrike             Air            90%        2d(13-29) 0%          4
c - Ignition              Fire           94%        3d24      1%          8
d - Fire Storm            Conj/Fire      93%        8d24      3%          9
e - Chain Lightning       Conj/Air       91%        3d122     6%          9
f - Orb of Destruction    Conj           93%        9d20      1%          7
h - Plasma Beam           Fire/Air       92%        2x1d111   1%          6
i - Freezing Cloud        Conj/Ice/Air   93%        6-21      1%          5
A - Spellforged Servitor  Conj/Summ      83%        N/A       1%          7

Your spell library contained the following spells:

 Spells                   Type           Power      Damage    Failure   Level
 Foxfire                  Conj/Fire      100%       2x1d9     0%          1
 Magic Dart               Conj           100%       1d8       0%          1
 Shock                    Conj/Air       100%       1d9       0%          1
 Scorch                   Fire           100%       2d9       0%          2
 Searing Ray              Conj           100%       2d8       0%          2
 Static Discharge         Conj/Air       100%       3-8/arc   0%          2
 Mephitic Cloud           Conj/Pois/Air  100%       N/A       0%          3
 Swiftness                Air            100%       N/A       0%          3
 Flame Wave               Conj/Fire      100%       2d21      0%          4
 Sticky Flame             Conj/Fire      100%       2d11      0%          4
 Arcjolt                  Conj/Air       91%        1d101     0%          5
 Fireball                 Conj/Fire      93%        3d34      0%          5
 Iskenderun's Battlesphe  Conj           100%       2d15      0%          5
 Freeze                   Ice            100%       1d10      1%          1
 Sandblast                Erth           100%       2d20      1%          1
 Summon Small Mammal      Summ           100%       N/A       1%          1
 Call Imp                 Summ           100%       N/A       1%          2
 Cigotuvi's Dreadful Rot  Necr/Pois/Air  100%       N/A       1%          2
 Momentum Strike          Conj/Tloc      100%       3d10      1%          2
 Poisonous Vapours        Pois/Air       100%       N/A       1%          2
 Call Canine Familiar     Summ           100%       N/A       1%          3
 Dazzling Flash           Conj/Hex       100%       N/A       1%          3
 Hailstorm                Conj/Ice       100%       3d20      1%          3
 Ignite Poison            Fire/Tmut/Pois 100%       N/A       1%          3
 Inner Flame              Hex/Fire       100%       N/A       1%          3
 Summon Guardian Golem    Hex/Summ       100%       N/A       1%          3
 Volatile Blastmotes      Fire/Tloc      100%       2d18      1%          3
 Brom's Barrelling Bould  Conj/Erth      100%       2d11      1%          4
 Fulminant Prism          Conj/Hex       74%        3d29      1%          4
 Iskenderun's Mystic Bla  Conj/Tloc      100%       2d19      1%          4
 Summon Lightning Spire   Summ/Air       100%       N/A       1%          4
 Vhi's Electric Charge    Tloc/Air       100%       N/A       1%          4
 Irradiate                Conj/Tmut      74%        3d36      1%          5
 Silence                  Hex/Air        72%        N/A       1%          5
 Bombard                  Conj/Erth      74%        9d12      1%          6
 Conjure Ball Lightning   Conj/Air       91%        3x3d35    1%          6
 Maxwell's Capacitive Co  Air            90%        ∞         1%          8
 Necrotise                Necr           100%       1d9       4%          1
 Slow                     Hex            100%       N/A       4%          1
 Frozen Ramparts          Ice            100%       1d16      4%          3
 Olgreb's Toxic Radiance  Pois           100%       N/A       4%          4
 Animate Armour           Summ/Erth      100%       N/A       5%          4
 Summon Ice Beast         Ice/Summ       100%       N/A       5%          4
 Blink                    Tloc           100%       N/A       8%          2
 Ensorcelled Hibernation  Hex/Ice        100%       N/A       8%          2
 Jinxbite                 Hex            100%       N/A       8%          2
 Lesser Beckoning         Tloc           100%       N/A       8%          2
 Passwall                 Tmut/Erth      57%        N/A       8%          2
 Wereblood                Tmut           69%        N/A       8%          2
 Summon Cactus Giant      Summ           70%        N/A       9%          6
 Summon Forest            Summ/Tloc      57%        N/A       14%         5
 Summon Mana Viper        Hex/Summ       100%       N/A       14%         5
 Confusing Touch          Hex            69%        N/A       16%         3
 Ozocubu's Armour         Ice            89%        N/A       16%         3
 Sigil of Binding         Hex            69%        N/A       16%         3
 Vampiric Draining        Necr           69%        2d10      16%         3
 Lee's Rapid Deconstruct  Erth           34%        3d17*     32%         5
 Yara's Violent Unravell  Hex/Tmut       34%        3d14      32%         5
 Lehudib's Crystal Spear  Conj/Erth      74%        10d17     38%         8
 Monstrous Menagerie      Summ           70%        N/A       43%         7
 Summon Hydra             Summ           70%        N/A       43%         7
 Anguish                  Hex/Necr       34%        N/A       45%         4
 Animate Dead             Necr           69%        N/A       45%         4
 Cause Fear               Hex            34%        N/A       45%         4
 Dimensional Bullseye     Hex/Tloc       34%        N/A       45%         4
 Leda's Liquefaction      Hex/Erth       34%        N/A       45%         4
 Manifold Assault         Tloc           69%        N/A       45%         4
 Passage of Golubria      Tloc           69%        N/A       45%         4
 Petrify                  Tmut/Erth      69%        N/A       45%         4
 Alistair's Intoxication  Tmut/Pois      70%        N/A       58%         5
 Eringya's Noxious Bog    Tmut/Pois      53%        4d6       67%         6
 Agony                    Necr           69%        N/A       80%         5
 Borgnjor's Vile Clutch   Necr/Erth      34%        N/A       80%         5
 Metabolic Englaciation   Hex/Ice        44%        N/A       80%         5
 Summon Horrible Things   Summ           70%        N/A       98%         8
 Haunt                    Necr/Summ      57%        N/A       99%         7
 Malign Gateway           Summ/Tloc      57%        N/A       99%         7
 Death Channel            Necr           34%        N/A       100%        6
 Dispersal                Tloc           34%        N/A       100%        6
 Simulacrum               Ice/Necr       44%        N/A       100%        6
 Enfeeble                 Hex            34%        N/A       100%        7
 Ozocubu's Refrigeration  Ice            44%        4d17      100%        7
 Borgnjor's Revivificati  Necr           34%        N/A       100%        8
 Disjunction              Tloc           34%        N/A       100%        8
 Death's Door             Necr           34%        N/A       100%        9
 Polar Vortex             Ice            44%        12d5*     100%        9
 Shatter                  Erth           34%        3d28*     100%        9

Inventory:

Hand Weapons
 b - the +8 demon blade of the Realm of Zot {heavy, rC+, long}
   (You took it off a balrug on level 1 of the Depths)

   rC+:       It protects you from cold.
Armour
 h - +10 pearl dragon scales (worn) {rare=g}
   (You found it on level 27 of a ziggurat)
 m - a +3 buckler of cold resistance (worn)
   (You took it off a tengu reaver on level 2 of the Depths)
 t - a +0 kite shield of protection
   (You took it off a tengu warrior on level 13 of the Dungeon)
 z - a scarf of resistance
   (You bought it in a shop on level 5 of the Vaults)
 F - a +2 pair of boots of flying (worn)
   (You found it on level 13 of a ziggurat)
 J - the +2 hat of the Monk (worn) {rElec}
   (You found it in a Gauntlet)

   rElec:     It insulates you from electricity.
 L - the +1 cloak of Starlight (worn) {*Dazzle EV+4 Stlth--}
   (You found it in a Gauntlet)

   *Dazzle:   It may blind those who miss an attack against the wearer in melee
   combat.
   EV+4:      It affects your evasion (+4).
   Stlth--:   It makes you much less stealthy.
Magical Staves
 a - the staff of Hurghium (weapon) {*Corrode rC+ Will+ Int+5 Ice Poison, staff}
   (You found it on level 3 of the Depths)

   [staff of cold]

   Base accuracy: +5 Base damage: 5 Base attack delay: 1.2 This weapon's minimum
   attack delay (0.6) is reached at skill level 12.
   Int+5:     It affects your intelligence (+5).
   rC+:       It protects you from cold.
   Will+:     It increases your willpower.
   *Corrode:  It may corrode you when you take damage.
   Ice:       It increases the power of your Ice spells.
   Poison:    It increases the power of your Poison spells.
   It falls into the 'Staves' category.
   It is a one-handed weapon.
 l - the staff of the Dragonfly {rN+ rCorr Dex+4 Necro, staff}
   (You took it off a yaktaur captain on level 5 of the Vaults)

   [staff of death]

   Base accuracy: +5 Base damage: 5 Base attack delay: 1.2 This weapon's minimum
   attack delay (0.6) is reached at skill level 12.
   Dex+4:     It affects your dexterity (+4).
   rN+:       It protects you from negative energy.
   rCorr:     It protects you from acid and corrosion.
   Necro:     It increases the power of your Necromancy spells.
   It falls into the 'Staves' category.
   It is a one-handed weapon.
Jewellery
 c - the ring "Citaig" (left claw) {rElec rF+ EV+5 Str+7 Stlth-}
   (You found it on level 3 of the Depths)

   [ring of evasion]

   EV+5:      It affects your evasion (+5).
   Str+7:     It affects your strength (+7).
   rF+:       It protects you from fire.
   rElec:     It insulates you from electricity.
   Stlth-:    It makes you less stealthy.
 g - the ring "Deg Uqy" {rC+ rCorr Dex+6}
   (You found it on level 5 of the Pits of Slime)

   [ring of protection from cold]

   Dex+6:     It affects your dexterity (+6).
   rC+:       It protects you from cold.
   rCorr:     It protects you from acid and corrosion.
 j - the ring "Ximpereg" {rPois rF+ rC++}
   (You found it on level 2 of the Depths)

   [ring of poison resistance]

   rF+:       It protects you from fire.
   rC++:      It greatly protects you from cold.
   rPois:     It protects you from poison
 k - the ring "Hanluic" {rCorr SInv}
   (You took it off a fire giant on level 3 of the Depths)

   [ring of see invisible]

   SInv:      It lets you see invisible.
   rCorr:     It protects you from acid and corrosion.
 x - the ring of Hinep {MP+9 Int+5}
   (You found it on level 11 of the Dungeon)

   [ring of magical power]

   Int+5:     It affects your intelligence (+5).
   MP+9:      It affects your magic capacity (+9).
 A - the ring "Dolan" {*Slow rPois rF+ rC+ Int+3}
   (You found it on level 15 of a ziggurat)

   [ring of protection from fire]

   Int+3:     It affects your intelligence (+3).
   rF+:       It protects you from fire.
   rC+:       It protects you from cold.
   rPois:     It protects you from poison *Slow: It may slow you when you take
   damage.
 C - a ring of flight
   (You found it on level 9 of the Dungeon)
 G - the ring of Zin's Generosity (right claw) {rF+ Will+ rCorr Str+6 Slay-2}
   (You found it on level 16 of a ziggurat)

   [ring of strength]

   Str+6:     It affects your strength (+6).
   Slay-2:    It affects your accuracy & damage with ranged weapons and melee
   (-2).
   rF+:       It protects you from fire.
   Will+:     It increases your willpower.
   rCorr:     It protects you from acid and corrosion.
 M - the amulet "Patetz" (around neck) {Spirit Fragile rN+ Will+ Regen+}
   (You found it on level 1 of the Elven Halls)

   [amulet of guardian spirit]

   Spirit:    It causes incoming damage to be divided between your reserves of
   health and magic.
   rN+:       It protects you from negative energy.
   Will+:     It increases your willpower.
   Regen+:    It increases your rate of health regeneration.
   Fragile:   It will be destroyed if unequipped.
 X - a ring "Ymajio Hium" {Fire rN+}
   (You found it on level 4 of a ziggurat)

   [ring of fire]

   Fire:      It enhances your fire magic.
   rF+:       It protects you from fire.
   rC-:       It makes you vulnerable to cold.
   rN+:       It protects you from negative energy.
 Y - the ring "Umuwn" {Will+ Str+6 Int+3 Dex-5}
   (You took it off a deep elf demonologist on level 3 of the Elven Halls)

   [ring of strength]

   Str+6:     It affects your strength (+6).
   Int+3:     It affects your intelligence (+3).
   Dex-5:     It affects your dexterity (-5).
   Will+:     It increases your willpower.
Talismans
 v - the granite talisman of Emirph {rN+ Dex+4}
   (You found it on level 27 of a ziggurat)

   [granite talisman]

   Dex+4:     It affects your dexterity (+4).
   rN+:       It protects you from negative energy.
Wands
 D - a wand of digging (27)
   (You found it on level 11 of the Dungeon)
 V - a wand of light (50)
   (You found it on level 3 of the Spider Nest)
Scrolls
 d - 28 scrolls of teleportation {@r4}
 f - 8 scrolls of poison {!r}
 n - 12 scrolls of vulnerability {!r!r}
 u - 7 scrolls of silence {!r}
 w - 6 scrolls of fog
 B - 5 scrolls of blinking {!r}
 K - 8 scrolls of immolation {!r!r}
 O - 3 scrolls of revelation
 S - 7 scrolls of fear
 T - 6 scrolls of brand weapon
 U - 7 scrolls of enchant weapon
Potions
 i - 10 potions of might
 o - 20 potions of curing {@q1}
 p - 14 potions of heal wounds {@q2}
 r - 6 potions of enlightenment
 s - 4 potions of invisibility
 H - 6 potions of cancellation
 I - 2 potions of resistance
Miscellaneous
 q - a phial of floods
   (You found it on level 5 of the Vaults)
 y - a lightning rod (4/4)
   (You found it on level 5 of the Vaults)
 E - a phantom mirror
   (You found it on level 5 of the Vaults)
 N - a +1 figurine of a ziggurat
 Q - a condenser vane
   (You found it on level 5 of the Lair of Beasts)

Dungeon Overview and Level Annotations

Branches:
Dungeon (15/15)            Temple (1/1) D:5            Lair (5/5) D:11
  Swamp (4/4) Lair:3       Spider (4/4) Lair:3        Slime (5/5) Lair:4
    Orc (2/2) D:11            Elf (3/3) Orc:2        Vaults (5/5) D:13
  Crypt (0/3) Vaults:2     Depths (4/4) D:15            Zot (5/5) Depths:4
Gauntlet (visited)

Altars:
Ashenzari
Cheibriados
Dithmenos
Fedhas
Gozag
Hepliaklqana
Kikubaaqudgha
Makhleb
Nemelex Xobeh
Okawaru
Qazlal
Ru
Sif Muna
Trog
Uskayaw
Vehumet
Wu Jian
Xom
Yredelemnul
Jiyva
Lugonu

Shops:
D:15 [   Orc:1 *(   Orc:2 ([*:   Elf:2 [!   Vaults:1 (   Vaults:2 ?
Vaults:3 [   Vaults:5 *   Zot:3 *   Depths:1 (   Depths:3 *

Portals:
Hell: Depths:1 Depths:2 Depths:3 Depths:4
Abyss: Lair:5 Spider:3 Depths:2 Depths:3 Depths:4
Pandemonium: Depths:2 Depths:4
Trove: Elf:3 (give +3 shadow dragon scales)

Annotations:
D:8 Jeremiah
Spider:2 exclusion: upstairs
Elf:2 3 runed translucent doors
Elf:3 1 exclusion

#####.##.....##>...##>.#
###.....##.##..###...###.#
.......###.##...##....#..#
.##.##.# #..##.)###...##.# #####
.##.##.###.#.#...##....#.###...##
.##..............###...#....†..##
..####.##..)......###..##.##...##
..####.#####.#....##...'..###.###
....÷..# #.##.@..#..##..# #....
....#### #○°v#÷..#####..# #####
.##.# #.○.....# ##.### # .##.#
#○.○###)## ##...##### ....###
#.v°####.####.........
..#...######...##..)........##...
.###..............)....#.##.##...
## ##..................#..1......
.###...........).......#..#..#...


You could see 2 friendly fire vortices.


Message History

You feel clever.
a - the staff of Hurghium (weapon)
{*Corrode rC+ Will+ Int+5 Ice Poison, staff}
Casting: Chain Lightning (dangerous; 6% risk of failure)
Confirm with . or Enter, or press ? or * to list all spells.
You feel a surge of power! Lightning arcs from your claws!
The bolt of lightning hits the cacodemon!!!!!
The cacodemon resists.
You kill the cacodemon!
Vehumet accepts your kill.
You feel your power returning. The bolt of lightning hits you. You resist.
A shadow demon comes into view. 😎 MP[-2]
You lost 2 mp, and now have 17/43 mp.
Casting: Chain Lightning (dangerous; 6% risk of failure)
Confirm with . or Enter, or press ? or * to list all spells.
You feel a surge of power! Lightning arcs from your claws!
The bolt of lightning hits the shadow demon!!!!
You kill the shadow demon!
Vehumet accepts your kill.
You feel your power returning. 😎 MP[-1]
You lost 1 mp, and now have 16/43 mp.
b - the +8 demon blade of the Realm of Zot (weapon)
{heavy, rC+, long} You start resting.
A Tzitzimitl comes into view. 😎 MP[+1]
You feel clever.
a - the staff of Hurghium (weapon)
{*Corrode rC+ Will+ Int+5 Ice Poison, staff}
Casting: Chain Lightning (dangerous; 6% risk of failure)
Confirm with . or Enter, or press ? or * to list all spells.
Aiming: Fire Storm (dangerous; 3% risk of failure)
Press: ? - help, Dir - move target You feel a surge of power!
A raging storm of fire appears!
The great blast of fire engulfs the Tzitzimitl!!!!
The Tzitzimitl is engulfed in blazing flames.
The Tzitzimitl gestures at you. The bolt of negative energy hits you!
You partially resist.
You feel drained. 😕 HP[-14] MP[-5]
You now have 238 max hp (-4).
You take 14 damage, and now have 228/238 hp.
You lost 5 mp, and now have 12/43 mp.
Unknown command.
Casting: Fire Storm (dangerous; 3% risk of failure)
Confirm with . or Enter, or press ? or * to list all spells.
Aiming: Fire Storm (dangerous; 3% risk of failure)
Press: ? - help, Dir - move target You feel a surge of power!
A raging storm of fire appears!
The great blast of fire engulfs the Tzitzimitl!!!!
You kill the Tzitzimitl!
Vehumet accepts your kill.
You feel your power returning. 😕 HP[+10] MP[+5]
You now have 239 max hp (+1).
You regained 10 hp, and now have 238/239 hp.
You regained 5 mp, and now have 17/43 mp.
You start resting.
A glowing orange brain comes into view. 😎 HP[+1]
Your hp is fully restored (239).
Unknown command.
A glowing orange brain is nearby!
Unknown command.
The glowing orange brain pulsates ominously. 😎 MP[+1]
b - the +8 demon blade of the Realm of Zot (weapon)
{heavy, rC+, long} 😎 MP[+1]
You slice the glowing orange brain!!
The glowing orange brain is engulfed in blazing flames.
The glowing orange brain blinks!
The glowing orange brain pulsates.
You slice the glowing orange brain!!
You kill the glowing orange brain!
Vehumet accepts your kill.
You feel your power returning.
The hobgoblin dissolves into shadows! 😎 MP[+2]
You regained 2 mp, and now have 21/43 mp.
There is a staircase leading out of the dungeon, spattered with blood here.
You start resting.
A Tzitzimitl comes into view. 😎 MP[+3]
You regained 3 mp, and now have 24/43 mp.
You feel clever.
a - the staff of Hurghium (weapon)
{*Corrode rC+ Will+ Int+5 Ice Poison, staff} 😎 MP[+1] Unknown command.
Casting: Fire Storm (dangerous; 3% risk of failure)
Confirm with . or Enter, or press ? or * to list all spells.
Aiming: Fire Storm (dangerous; 3% risk of failure)
Press: ? - help, Dir - move target, f - Tzitzimitl
Aim: a Tzitzimitl You feel a surge of power!
A raging storm of fire appears!
The great blast of fire engulfs the Tzitzimitl!!!!
You kill the Tzitzimitl!
Vehumet accepts your kill.
You feel your power returning.
You have mastered Fire Magic!
You need to enable at least one skill for training.
You now have 241 max hp (+2).
You have escaped!

Skill      XL: |  1  2  3  4  5  6  7  8  9 10 11 12 13 14 15 16 17 18 19 20 21 22 23 24 25 26 27 |
---------------+----------------------------------------------------------------------------------+-----
Air Magic      | 3 4 5 6 9 10 23 | 23.5
Conjurations   | 2 3 4 5 8 10 12 13 15 19 21 22 24 25 | 25.7
Fighting       | 8 10 11 12 14 25 | 25.0
Spellcasting   | 8 9 10 12 16 | 16.0
Dodging        | 6 7 10 12 | 12.0
Summonings     | 1 4 11 | 11.0
Poison Magic   | 1 3 |  3.0
Shields        | 4 6 |  6.0
Armour         | 4 7 9 10 | 10.0
Evocations     | 4 |  4.0
Long Blades    | 3 9 10 | 10.0
Fire Magic     | 7 10 12 16 19 20 22 23 27 | 27.0
Stealth        | |  1.7

Action                     |  1- 3 |  4- 6 |  7- 9 | 10-12 | 13-15 | 16-18 | 19-21 | 22-24 | 25-27 || total
---------------------------+-------+-------+-------+-------+-------+-------+-------+-------+-------++-------
  Melee: Unarmed           |    15 |     9 |       |       |       |       |       |       |       ||    24
         Short sword       |    12 |       |       |       |       |       |       |       |       ||    12
         Quarterstaff      |    10 |       |       |       |       |       |       |       |       ||    10
         Spear             |       |     9 |       |       |       |       |       |       |       ||     9
         Whip              |       |     7 |    68 |   179 |   139 |       |       |       |       ||   393
         Demon blade       |       |       |       |       |   202 |   340 |   250 |    55 |   123 ||   970
         Trident           |       |       |       |       |       |    23 |     9 |     2 |       ||    34
         Staff             |       |       |       |       |       |       |       |    30 |   122 ||   152
   Cast: Shock             |    91 |    83 |   191 |   295 |    98 |     1 |       |       |       ||   759
         Airstrike         |       |       |    15 |    54 |    35 |       |       |    41 |       ||   145
         Mephitic Cloud    |       |       |    17 |    38 |    14 |       |       |       |       ||    69
         Call Imp          |       |       |     2 |     2 |       |       |       |       |       ||     4
         Arcjolt           |       |       |       |    23 |   368 |    43 |       |       |       ||   434
         Plasma Beam       |       |       |       |       |    20 |   416 |   226 |    85 |    57 ||   804
         Sticky Flame      |       |       |       |       |     1 |       |       |       |       ||     1
         Freezing Cloud    |       |       |       |       |       |    27 |    11 |       |     1 ||    39
         Iskenderun's Myst |       |       |       |       |       |     6 |       |       |       ||     6
         Spellforged Servi |       |       |       |       |       |    54 |    60 |    48 |    35 ||   197
         Stone Arrow       |       |       |       |       |       |     1 |       |       |       ||     1
         Ignition          |       |       |       |       |       |       |    69 |    41 |    42 ||   152
         Fire Storm        |       |       |       |       |       |       |       |    96 |   299 ||   395
         Chain Lightning   |       |       |       |       |       |       |       |       |   198 ||   198
  Evoke: Wand              |       |       |       |    14 |    13 |     7 |     3 |     4 |    20 ||    61
         Condenser vane    |       |       |       |       |     2 |     2 |       |       |     3 ||     7
         Phantom mirror    |       |       |       |       |       |       |       |       |     2 ||     2
         Phial of floods   |       |       |       |       |       |       |       |       |     1 ||     1
    Use: Potion            |     1 |     2 |     1 |     4 |     1 |     4 |     3 |    10 |    46 ||    72
         Scroll            |       |     8 |     8 |    10 |    14 |    13 |     5 |     5 |    49 ||   112
   Stab: Confused          |       |       |    11 |    17 |     8 |     1 |       |       |       ||    37
         Sleeping          |       |       |       |     1 |     1 |       |       |       |       ||     2
         Invisible         |       |       |       |       |     1 |    21 |    12 |     1 |    10 ||    45
         Distracted        |       |       |       |       |       |     2 |     1 |     2 |     1 ||     6
 Armour: Robe              |    27 |    16 |     9 |       |    83 |   454 |   306 |   148 |       ||  1043
         Leather armour    |       |       |    52 |   207 |       |       |       |       |       ||   259
         Acid dragon scale |       |       |       |    48 |   419 |       |       |       |       ||   467
         Ring mail         |       |       |       |       |       |       |       |    16 |   137 ||   153
         Pearl dragon scal |       |       |       |       |       |       |       |       |   500 ||   500
  Dodge: Dodged            |    42 |    19 |    72 |   302 |   592 |   648 |   285 |   181 |   578 ||  2719
  Block: Buckler           |       |       |    10 |   128 |   239 |   181 |    84 |    46 |   237 ||   925
         Reflection        |       |       |       |       |       |     7 |       |       |       ||     7

Levels and vault maps discovered:
D:1:      dpeg_arrival_long_road, layout_loops_cross
D:2:      layout_rooms, basic_altar
D:3:      layout_loops_ring, nicolae_ru_sacrificial_ziggurat,
          shapermc_ecumenical_altar_gd
D:4:      minmay_inner_zag, layout_rooms, nicolae_titane, uniq_natasha,
          uniq_blork_the_orc, uniq_crazy_yiuf_cottage
D:5:      kennysheep_six_static_rooms, layout_basic,
          gammafunk_temple_overflow_elements, minmay_temple_entry_junction
D:6:      layout_layer_cave, nicolae_hepliaklqana_hazy_memory,
          kennysheep_little_box, nicolae_figureground_sparkle
D:7:      layout_loops_ring, grunt_temple_overflow_order_and_chaos_2,
          chequers_serial_rivers_micro_b, uniq_menkaure, uniq_maggie
D:8:      layout_loops_cross, uniq_jeremiah
D:9:      layout_roguey
D:10:     layout_cave_pools, minivault_20
D:11:     layout_stronghold, dpeg_oklobed_lair, david_orc_4,
          gammafunk_ghost_cemetery, gauntlet_entry_generic
D:12:     layout_loops_ring
D:13:     layout_irregular_city, hellmonk_vaults_keyhole
D:14:     layout_roguey, grunt_dithmenos_shadows, minmay_quadrilaterals
D:15:     hellmonk_depths_entry_around_the_bend, layout_basic, serial_shops,
          nicolae_shop_just_a_little_nook, grunt_gozag_statues, uniq_rupert
Temple:   hellmonk_temple_two_chambers
Lair:1:   gammafunk_cloud_chamber, layout_concentric_octagons, uniq_joseph
Lair:2:   layout_chaotic_city, pdpol_lair_cabin_in_the_woods
Lair:3:   layout_loops_ring, alex1729_swamp_entry_worm_eleionoma,
          nicolae_spider_entry_lesser_pyramids
Lair:4:   layout_roguey, slime_entry_1, pdpol_lair_cavern_descent
Lair:5:   hellmonk_lair_end_abyssal_woods, layout_regular_city, evilmike_ambush
          [evilmike_ambush_outer_basic, evilmike_ambush_inner_basic]
Swamp:1:  regret_index_all_hallows'_manor, layout_falls_marsh,
          evilmike_swamp_ruin_house_6, swamp_pool_3,
          nicolae_swamp_frolicking_bunyips
Swamp:2:  layout_basic_swamp, evilmike_swamp_ruin_house_5, uniq_louise
Swamp:3:  layout_basic_swamp, nicolae_swamp_reclaimed_castle, swamp_pool_1_2
Swamp:4:  swamp_fiery, layout_basic_swamp, nicolae_swamp_baby_hydras
Spider:1: nicolae_spider_broodchamber, hangedman_spider_tarantella_strand,
          uniq_donald
Spider:2: layout_spider_delve, drop_trap, worms_lemuel
Spider:3: layout_spider_delve, amcnicky_altar_lugonu_corruption
Spider:4: spider_rune_water, uniq_mara, uniq_agnes
Slime:1:  layout_caves, nicolae_slime_phagocytosis
Slime:2:  layout_caves, cheibrodos_slime_lost_civilization_4
Slime:3:  layout_caves, cheibrodos_slime_lost_civilization_5
Slime:4:  layout_caves
Slime:5:  slime_pit_nicolae_block_by_block
Orc:1:    layout_diamond_mine, serial_shops, nicolae_shop_tiny_glass,
          minmay_shop_mayhem, uniq_urug
Orc:2:    st_orc_congregation, layout_diamond_mine
Elf:1:    elf_arrival_002, layout_loops_cross, basic_altar, evilmike_minifort,
          serial_sigils_hangedman_writhe
Elf:2:    elven_hall_of_blades_hangedman_original [nooodl_blade_entry_preview],
          layout_geoelf_octagon, serial_shops, shop,
          nicolae_shop_tiny_statue_garden
Elf:3:    minmay_elf_hall_curves, layout_geoelf_octagon,
          nicolae_trove_entry_crystal, hex_medium
Vaults:1: hangedman_vaults_cutoff, nicolae_vaults_storage_room_doors,
          nicolae_vaults_octothorpe, nicolae_vaults_branching_niches,
          hangedman_vaults_locks, v_misc_24, grunt_vaults_swirl,
          nicolae_vaults_house_1, nicolae_vaults_circle_grid_a,
          layout_vaults_omnibox, serial_shops, nicolae_shop_window_shopping
Vaults:2: nicolae_vaults_trapezoid_lopsided_4, nicolae_vaults_network_square,
          v_misc_13, v_alt_pattern_1, vaults_room_boxed, grunt_vaults_focal,
          nicolae_vaults_little_squares_1, nicolae_vaults_trapezoid_3,
          ontoclasm_vaults_ring_small, ontoclasm_vaults_decontamination,
          nicolae_vaults_tetromino_Z_1, vaults_room_door_ring,
          nicolae_vaults_gold_heap, vaults_room_pools, layout_vaults_ring,
          minmay_crypt_entry_necro_gods, serial_shops, shop
Vaults:3: grunt_vaults_diagonal, nicolae_vaults_little_squares_6,
          vaults_room_grid, v_alt_pattern_4, nicolae_vaults_network_quinsquares
          [nicolae_vaults_network_quincunx_subvault,
          nicolae_vaults_network_quincunx_subvault,
          nicolae_vaults_network_quincunx_subvault,
          nicolae_vaults_network_quincunx_subvault], v_misc_33,
          nicolae_vaults_circle_grid_b, hangedman_vaults_restitches,
          nicolae_vaults_trapezoid_4, nicolae_vaults_surprise_closet,
          nicolae_vaults_whirlpool_walls, dpeg_vaults_monster_box,
          nicolae_vaults_wine_cellar, layout_vaults_omnicross, serial_shops,
          shop, uniq_asterion
Vaults:4: serial_ice_b, nicolae_vaults_security_offices_2,
          nicolae_vaults_tetromino_L_2, ontoclasm_vaults_ligature,
          layout_vaults_quadrants
Vaults:5
Depths:1: layout_roguey, hellmouth_2, serial_curves, eino_curves_03,
          eino_curves_02, serial_shops, shop, pdpol_wu_jian_five_deadly_venoms,
          grunt_tough_drop
Depths:2: minmay_skeleton_keep, layout_basic, pf_hell_entry_tar_river,
          rand_demon_pan_entry_4, serial_sigils_hangedman_quiver, abyss_entry,
          minmay_misc_feat_columns, uniq_bai_suzhen, uniq_sojobo
Depths:3: minmay_bloctagon_deflated, layout_twisted_cross, enter_ziggurat_d,
          serial_shops, shop, abyss_entry_glasseish, nrook_mini_backslash,
          hell_entry, minmay_swirly_circle, infiniplex_staircase_pool_2
Depths:4: grunt_zot_entry_hairpin, layout_cave_pools, rand_demon_pan_entry_7,
          fedhas_altar_4, hell_entry, abyss_entry, serial_bayou_pond_d,
          minmay_misc_feat_ornament
Zot:1:    lemuel_halls_of_wrath, layout_gridlike, grunt_megastairs_2
Zot:2:    layout_onion_interference, regret_index_zotdec_silver_v_v_loose,
          grunt_megastairs_5
Zot:3:    circus_mu, layout_cathedral_of_symmetry, st_single_dragon_hoard_4,
          regret_index_zotdec_serpentine_scales, nicolae_shop_clearance
Zot:4:    layout_misc_corridors, regret_index_zotdec_iron_s
Zot:5:    layout_gridlike

Notes
Turn   | Place    | Note
-------+----------+-------------------------------------------
     0 | D:1      | MackTheKnife the Demonspawn Air Elementalist began the
                  | quest for the Orb.
     0 | D:1      | Reached XP level 1. HP: 13/13 MP: 3/3
     0 | D:1      | magus.rc [v1.9.6]
   116 | D:1      | Reached skill level 3 in Air Magic
   240 | D:1      | Gained mutation: You regenerate a little health from kills.
                  | [demonic ancestry]
   240 | D:1      | Reached XP level 2. HP: 18/19 MP: 0/5
  1174 | D:2      | Gained mutation: You have sharp fingernails. [demonic
                  | ancestry]
  1174 | D:2      | Reached XP level 3. HP: 24/24 MP: 3/6
  1318 | D:2      | Reached skill level 4 in Air Magic
  2080 | D:3      | Found a sacrificial altar of Ru.
  2135 | D:3      | Gained mutation: You have very sharp fingernails. [demonic
                  | ancestry]
  2135 | D:3      | Reached XP level 4. HP: 30/30 MP: 1/7
  2286 | D:3      | Gained mutation: You have claws for hands. [potion of
                  | mutation]
  2286 | D:3      | Gained mutation: You expend magic power (3 MP) to
                  | strengthen your wands. [potion of mutation]
  2319 | D:3      | Found a faded altar of an unknown god.
  2418 | D:3      | You pick up a book of Minor Magic and begin reading...
  2418 | D:3      | You add the spells Magic Dart, Call Imp and Mephitic Cloud
                  | to your library.
  2625 | D:3      | Reached skill level 2 in Conjurations
  2742 | D:2      | HP: 7/30 [orc priest/+0 flail (7)]
  2745 | D:2      | Gained mutation: When seriously injured, your blood forms
                  | armour. (AC +0) [demonic ancestry]
  2745 | D:2      | Reached XP level 5. HP: 9/35 MP: 0/8
  3119 | D:3      | Reached skill level 3 in Conjurations
  3446 | D:4      | Reached skill level 5 in Air Magic
  3619 | D:4      | Noticed an ogre
  3629 | D:4      | Killed an ogre
  3630 | D:4      | Reached XP level 6. HP: 27/41 MP: 2/9
  3711 | D:4      | Noticed Natasha
  3714 | D:4      | Killed Natasha
  3762 | D:4      | Identified 2 potions of experience
  3763 | D:4      | Reached skill level 8 in Fighting
  3763 | D:4      | Reached skill level 8 in Spellcasting
  3763 | D:4      | Gained mutation: When seriously injured, your blood forms
                  | thick armour. (AC +0) [demonic ancestry]
  3763 | D:4      | Reached XP level 7. HP: 63/63 MP: 9/18
  3764 | D:4      | Reached skill level 10 in Fighting
  3764 | D:4      | Reached skill level 6 in Dodging
  3764 | D:4      | Gained mutation: Your demonic aura sometimes causes spilled
                  | blood to erupt in flames. [demonic ancestry]
  3764 | D:4      | Reached XP level 8. HP: 74/74 MP: 10/20
  3770 | D:4      | Learned a level 4 spell: Airstrike
  3774 | D:4      | Learned a level 3 spell: Mephitic Cloud
  3777 | D:4      | Learned a level 2 spell: Call Imp
  4157 | D:4      | Noticed Natasha
  4162 | D:4      | Killed Natasha
  4384 | D:4      | Noticed Blork the orc
  4393 | D:4      | Killed Blork the orc
  4461 | D:4      | Found a runed translucent door.
  4462 | D:4      | Noticed Crazy Yiuf
  4492 | D:4      | Killed Crazy Yiuf
  4721 | D:5      | Entered Level 5 of the Dungeon
  4897 | D:5      | Reached skill level 4 in Conjurations
  5396 | D:5      | Reached skill level 1 in Summonings
  5399 | D:5      | Reached skill level 1 in Poison Magic
  5483 | D:5      | You pick up a book of Misfortune and begin reading...
  5483 | D:5      | You add the spells Inner Flame, Yara's Violent Unravelling
                  | and Enfeeble to your library.
  5748 | D:5      | Reached XP level 9. HP: 54/79 MP: 6/21
  5844 | D:5      | Found a shadowy altar of Dithmenos.
  5844 | D:5      | Found a basalt altar of Yredelemnul.
  6081 | D:5      | Found a staircase to the Ecumenical Temple.
  6089 | Temple   | Entered the Ecumenical Temple
  6097 | Temple   | Became a worshipper of Vehumet
  6503 | D:6      | Found a hazy altar of Hepliaklqana.
  6544 | D:6      | You pick up a book of Dreams and begin reading...
  6544 | D:6      | You add the spells Jinxbite, Ensorcelled Hibernation and
                  | Anguish to your library.
  6552 | D:6      | You pick up a book of the Moon and begin reading...
  6552 | D:6      | You add the spells Passage of Golubria, Silence and
                  | Lehudib's Crystal Spear to your library.
  6609 | D:6      | You fall into a shaft and drop 3 floors!
  6651 | D:9      | Reached skill level 1 in Shields
  6763 | D:9      | You pick up a book of Conjurations {@e2} and begin
                  | reading...
  6763 | D:9      | You add the spells Searing Ray and Fulminant Prism to your
                  | library.
  6961 | D:8      | Reached skill level 2 in Shields
  6967 | D:8      | Noticed Jeremiah
  7288 | D:8      | Reached skill level 3 in Shields
  7478 | D:6      | Reached * piety under Vehumet
  7478 | D:6      | Offered knowledge of Sandblast by Vehumet.
  7851 | D:6      | Found a shimmering blue altar of Sif Muna.
  8906 | D:7      | Noticed Maggie
  8940 | D:7      | Killed Maggie
  8941 | D:7      | Reached skill level 4 in Shields
  8941 | D:7      | Gained mutation: Your demonic aura often causes spilled
                  | blood to erupt in flames. [demonic ancestry]
  8941 | D:7      | Reached XP level 10. HP: 84/86 MP: 4/22
  9206 | D:7      | Noticed Menkaure
  9208 | D:7      | Killed Menkaure
  9309 | D:7      | Found a burning altar of Makhleb.
  9315 | D:7      | Noticed an angel
  9315 | D:7      | Noticed a blizzard demon
  9536 | D:6      | Reached skill level 5 in Shields
 10397 | D:8      | Offered knowledge of Poisonous Vapours by Vehumet.
 10552 | D:8      | Noticed a two-headed ogre
 10565 | D:8      | Killed a two-headed ogre
 10565 | D:8      | Reached ** piety under Vehumet
 10566 | D:8      | Reached skill level 6 in Shields
 10566 | D:8      | Reached skill level 2 in Poison Magic
 11133 | D:9      | Reached skill level 6 in Air Magic
 11499 | D:10     | Entered Level 10 of the Dungeon
 11520 | D:10     | Reached skill level 5 in Conjurations
 11523 | D:10     | Reached skill level 3 in Poison Magic
 11534 | D:10     | Noticed a red ugly thing
 11687 | D:10     | Noticed a deep elf pyromancer
 11782 | D:10     | Killed a deep elf pyromancer
 11783 | D:10     | Reached XP level 11. HP: 92/92 MP: 11/23
 11901 | D:10     | HP: 21/92 [red ugly thing (15)]
 11903 | D:10     | Killed a red ugly thing
 11906 | D:10     | HP: 19/92 [yak (2)]
 12164 | D:10     | Reached skill level 6 in Conjurations
 12170 | D:10     | Reached skill level 7 in Air Magic
 12198 | D:10     | Offered knowledge of Volatile Blastmotes by Vehumet.
 12394 | D:10     | You add the spells Vhi's Electric Charge, Arcjolt and
                  | Maxwell's Capacitive Coupling to your library.
 12485 | D:10     | Learned a level 5 spell: Arcjolt
 12719 | D:11     | Noticed a boulder beetle
 12746 | D:11     | Killed a boulder beetle
 12768 | D:11     | Found a runed translucent gate.
 12768 | D:11     | Found a runed translucent gate.
 12768 | D:11     | Found a runed translucent gate.
 12770 | D:11     | Noticed MrCrawl's ghost (journeyman DrFE)
 12771 | D:11     | Noticed MrCrawl's ghost (novice DrFE)
 12792 | D:11     | Found a staircase to the Lair.
 12792 | D:11     | Noticed an oklob plant
 12792 | D:11     | Noticed an oklob plant
 12901 | D:11     | Reached *** piety under Vehumet
 13028 | D:11     | Noticed a boulder beetle
 13097 | D:11     | Killed a boulder beetle
 13108 | D:11     | Found a gate leading to a gauntlet.
 13117 | Gauntlet | Entered a Gauntlet
 13117 | Gauntlet | Found a transporter.
 13117 | Gauntlet | Found a runed translucent door.
 13117 | Gauntlet | Found a runed translucent door.
 13199 | Gauntlet | Found a transporter.
 13201 | Gauntlet | Found a transporter.
 13211 | Gauntlet | Found a transporter.
 13214 | Gauntlet | Found a transporter.
 13227 | Gauntlet | Found a transporter.
 13243 | Gauntlet | Found a transporter.
 13254 | Gauntlet | Found a transporter.
 13258 | Gauntlet | Noticed an entropy weaver
 13259 | Gauntlet | Found a transporter.
 13259 | Gauntlet | Found a transporter.
 13268 | Gauntlet | Found a transporter.
 13270 | Gauntlet | Found a transporter.
 13270 | Gauntlet | Noticed a glowing orange brain
 13298 | Gauntlet | Found a transporter.
 13298 | Gauntlet | Noticed a white ugly thing
 13299 | Gauntlet | Noticed a glowing orange brain
 13300 | Gauntlet | Noticed a brown ugly thing
 13387 | Gauntlet | Reached skill level 8 in Air Magic
 13392 | Gauntlet | Reached skill level 8 in Conjurations
 13392 | Gauntlet | Reached skill level 9 in Air Magic
 13392 | Gauntlet | Reached XP level 12. HP: 89/99 MP: 12/24
 13543 | Gauntlet | Offered knowledge of Sticky Flame by Vehumet.
 13544 | Gauntlet | Reached skill level 9 in Conjurations
 13672 | Gauntlet | Identified the +2 hat of the Monk {rElec}
 13686 | Gauntlet | Identified the staff "Uklusk" {rF- rN+ Str+3 Int+4 Conj}
 13690 | Gauntlet | Noticed a minotaur
 13690 | Gauntlet | a minotaur comes into view. It is wielding the +11
                  | plutonium sword {Contam Stlth-}.
 13692 | Gauntlet | Here: a minotaur, wielding the +11 plutonium sword {Contam
                  | Stlth-}, wearing a +0 plate armour and quivering javelins
 13692 | Gauntlet | Aim: a minotaur, wielding the +11 plutonium sword {Contam
                  | Stlth-}, wearing a +0 plate armour and quivering javelins
                  | (chance to affect: 2%)
 13692 | Gauntlet | Aim: a minotaur, wielding the +11 plutonium sword {Contam
                  | Stlth-}, wearing a +0 plate armour and quivering javelins
                  | (chance to affect: 2%)
 13702 | Gauntlet | Found the +1 cloak of Starlight {*Dazzle EV+4 Stlth--}
 13707 | Gauntlet | Identified the +7 short sword of Bappuemm {heavy, Str+3
                  | Stlth+}
 13714 | D:11     | HP: 17/99 [minotaur/javelin (18)]
 13983 | D:11     | Aim: a minotaur, wielding the +11 plutonium sword {Contam
                  | Stlth-}, wearing a +0 plate armour and quivering javelins
                  | (chance to affect: 34%)
 13983 | D:11     | Aim: a minotaur, wielding the +11 plutonium sword {Contam
                  | Stlth-}, wearing a +0 plate armour and quivering javelins
                  | (chance to affect: 34%)
 14375 | D:11     | Reached skill level 10 in Air Magic
 14725 | D:11     | Found a staircase to the Orcish Mines.
 14864 | D:11     | Learned a level 4 spell: Sticky Flame
 14886 | D:11     | Killed MrCrawl's ghost
 14905 | D:11     | Killed MrCrawl's ghost
 14906 | D:11     | Reached skill level 10 in Conjurations
 14937 | D:11     | Identified the ring of Hinep {MP+9 Int+5}
 15268 | D:11     | Aim: a minotaur, wielding the +11 plutonium sword {Contam
                  | Stlth-}, wearing a +0 plate armour and quivering javelins
                  | (noxious fumes, chance to affect: 34%)
 15268 | D:11     | Aim: a minotaur, wielding the +11 plutonium sword {Contam
                  | Stlth-}, wearing a +0 plate armour and quivering javelins
                  | (noxious fumes, chance to affect: 34%)
 15272 | D:11     | Aim: a minotaur, wielding the +11 plutonium sword {Contam
                  | Stlth-}, wearing a +0 plate armour and quivering javelins
                  | (chance to affect: 34%)
 15272 | D:11     | Aim: a minotaur, wielding the +11 plutonium sword {Contam
                  | Stlth-}, wearing a +0 plate armour and quivering javelins
                  | (chance to affect: 34%)
 15510 | Lair:1   | Entered Level 1 of the Lair of Beasts
 15582 | Lair:1   | Noticed Joseph
 15591 | Lair:1   | Killed Joseph
 15592 | Lair:1   | Reached skill level 7 in Dodging
 15800 | Lair:1   | Found a transporter.
 15933 | Lair:1   | Mutation became permanent: You have very sharp fingernails.
                  | [demonic ancestry]
 15933 | Lair:1   | Gained mutation: You have claws for hands. [demonic
                  | ancestry]
 15933 | Lair:1   | Reached XP level 13. HP: 105/105 MP: 23/25
 15933 | Lair:1   | Reached **** piety under Vehumet
 16232 | Lair:1   | Offered knowledge of Frozen Ramparts by Vehumet.
 16723 | Lair:1   | You fall into a shaft and drop 1 floor!
 16729 | Lair:2   | Reached skill level 8 in Dodging
 16930 | Lair:2   | You pick up a book of Conjurations {@e2} and begin
                  | reading...
 17042 | Lair:1   | Found a transporter.
 17257 | Lair:1   | Reached skill level 9 in Dodging
 17715 | Lair:2   | Reached ***** piety under Vehumet
 17880 | Lair:2   | Offered knowledge of Iskenderun's Mystic Blast by Vehumet.
 17884 | Lair:2   | Reached skill level 10 in Dodging
 17884 | Lair:2   | Reached skill level 11 in Fighting
 17889 | Lair:2   | Learned a level 4 spell: Iskenderun's Mystic Blast
 18006 | Lair:2   | Found a runed translucent door.
 18111 | Lair:2   | Reached skill level 1 in Armour
 18111 | Lair:2   | Identified the +0 ring mail "Akuv" {rF+ rC++ Will-}
 18849 | Orc:1    | Entered Level 1 of the Orcish Mines
 18871 | Orc:1    | Noticed Urug
 18882 | Orc:1    | Killed Urug
 19029 | Orc:1    | Found Hazenk's Mayhem Merchandise.
 19033 | Orc:1    | Found Mafruapethre's Weapon Emporium.
 19053 | Orc:1    | Reached skill level 2 in Armour
 19297 | Orc:2    | Entered Level 2 of the Orcish Mines
 19645 | Orc:2    | Found a staircase to the Elven Halls.
 20146 | Orc:2    | Reached skill level 9 in Spellcasting
 20588 | Orc:2    | Reached skill level 3 in Armour
 20593 | Orc:2    | Noticed an orc warlord
 20602 | Orc:2    | Reached skill level 4 in Armour
 20602 | Orc:2    | Gained mutation: You regenerate health from kills. [demonic
                  | ancestry]
 20602 | Orc:2    | Reached XP level 14. HP: 104/114 MP: 18/27
 20602 | Orc:2    | Killed an orc warlord
 20603 | Orc:2    | Reached skill level 12 in Fighting
 20609 | Orc:2    | Reached skill level 10 in Spellcasting
 20750 | Orc:2    | Reached skill level 1 in Evocations
 20751 | Orc:2    | Reached skill level 2 in Evocations
 20783 | Orc:2    | Found Eluer's Antique Armour Shoppe.
 20784 | Orc:2    | Found Aceumije's Antique Weapon Shoppe.
 20786 | Orc:2    | Found Koybas's General Store.
 20786 | Orc:2    | Found Zaovogiu's Book Emporium.
 20950 | Orc:2    | Reached skill level 3 in Evocations
 21354 | Lair:3   | Found a hole to the Spider Nest.
 21361 | Lair:3   | Offered knowledge of Plasma Beam by Vehumet.
 21362 | Lair:3   | Reached skill level 4 in Evocations
 21689 | Lair:3   | You pick up a book of Sloth and begin reading...
 21689 | Lair:3   | You add the spells Frozen Ramparts, Petrify and Metabolic
                  | Englaciation to your library.
 21718 | Lair:3   | Found a staircase to the Swamp.
 21734 | Lair:3   | Reached skill level 1 in Long Blades
 21750 | Lair:3   | Reached skill level 2 in Long Blades
 21863 | Lair:3   | Reached skill level 3 in Long Blades
 21928 | Lair:3   | You pick up a book of Dangerous Friends and begin
                  | reading...
 21928 | Lair:3   | You add the spells Summon Guardian Golem, Orb of
                  | Destruction and Spellforged Servitor to your library.
 22152 | Lair:3   | Learned a level 6 spell: Plasma Beam
 22253 | Lair:3   | Reached skill level 1 in Fire Magic
 22530 | Lair:3   | Reached skill level 2 in Fire Magic
 23127 | Lair:4   | Reached skill level 3 in Fire Magic
 23345 | Lair:4   | Reached skill level 4 in Fire Magic
 23655 | Lair:4   | Reached skill level 5 in Fire Magic
 23798 | Lair:4   | Identified the +0 robe of the Gardener {Str+5}
 23804 | Lair:4   | You pick up a book of Geomancy and begin reading...
 23804 | Lair:4   | You add the spells Sandblast, Passwall, Stone Arrow and
                  | Brom's Barrelling Boulder to your library.
 23918 | Lair:4   | Identified a scroll of acquirement
 23918 | Lair:4   | Acquired 941 gold pieces
 23942 | Lair:4   | Reached skill level 6 in Fire Magic
 24175 | Lair:4   | Found a staircase to the Slime Pits.
 24176 | Lair:4   | Found a viscous altar of Jiyva.
 24430 | Lair:5   | Entered Level 5 of the Lair of Beasts
 24757 | Lair:5   | Reached skill level 7 in Fire Magic
 25107 | Lair:5   | Reached XP level 15. HP: 97/121 MP: 29/29
 25109 | Lair:5   | Reached skill level 8 in Fire Magic
 25307 | Lair:5   | Offered knowledge of Starburst by Vehumet.
 25416 | Lair:5   | Reached skill level 9 in Fire Magic
 25994 | Lair:5   | Reached skill level 10 in Fire Magic
 26109 | Lair:5   | Reached skill level 4 in Long Blades
 26433 | Lair:5   | Reached skill level 5 in Long Blades
 26735 | Lair:5   | Found a corrupted altar of Lugonu.
 26735 | Lair:5   | Found a one-way gate to the infinite horrors of the Abyss.
 27506 | D:11     | Reached skill level 6 in Long Blades
 27926 | D:12     | Acquired the ring of Tott {rPois rCorr Slay+4}
 29221 | D:13     | Reached skill level 7 in Long Blades
 30024 | D:13     | Found a gate to the Vaults.
 30147 | D:13     | HP: 28/121 [ironbound frostheart (33)]
 30534 | D:14     | Reached skill level 8 in Long Blades
 30603 | D:14     | Identified the +5 trident of Xomofelo {antimagic, rPois}
 30823 | D:14     | You pick up a book of the Warp and begin reading...
 30823 | D:14     | You add the spells Manifold Assault, Dispersal and
                  | Disjunction to your library.
 30839 | D:14     | Offered knowledge of Freezing Cloud by Vehumet.
 30846 | D:14     | Learned a level 5 spell: Freezing Cloud
 31359 | D:14     | Found a shadowy altar of Dithmenos.
 31605 | D:15     | Entered Level 15 of the Dungeon
 31623 | D:15     | Found Notitay's Antique Armour Shoppe.
 31636 | D:15     | Reached skill level 9 in Long Blades
 31734 | D:15     | Noticed Rupert
 31736 | D:15     | Paralysed by Rupert for 3 turns
 31935 | D:15     | Killed Rupert
 31963 | D:15     | Gained mutation: You regenerate a lot of health from kills.
                  | [demonic ancestry]
 31963 | D:15     | Reached XP level 16. HP: 67/127 MP: 16/30
 32019 | D:15     | Reached skill level 10 in Long Blades
 32232 | D:15     | Found an opulent altar of Gozag.
 32532 | D:15     | Found a staircase to the Depths.
 33453 | Lair:1   | magus.rc [v1.9.6]
 33488 | Spider:1 | Entered Level 1 of the Spider Nest
 33712 | Spider:1 | You fall into a shaft and drop 1 floor!
 33770 | Spider:2 | Offered knowledge of Irradiate by Vehumet.
 33917 | Spider:2 | Reached skill level 13 in Fighting
 33987 | Spider:2 | HP: 25/130 [something (9)]
 34211 | Spider:2 | Reached skill level 11 in Dodging
 34370 | Spider:1 | HP: 29/131 [jumping spider[a broodmother] (22)]
 34370 | Spider:1 | HP: 6/131 [culicivora (23)]
 34496 | Spider:2 | Reached ****** piety under Vehumet
 34620 | Spider:2 | HP: 32/131 [poisoned by a wolf spider]
 34625 | Spider:2 | HP: 27/131 [poisoned by a wolf spider]
 35477 | Spider:2 | You pick up a book of Lightning and begin reading...
 35666 | Spider:2 | magus.rc [v1.9.6]
 36004 | Spider:2 | Offered knowledge of Fireball by Vehumet.
 36263 | Spider:1 | Noticed Donald
 36270 | Spider:2 | Reached skill level 14 in Fighting
 36274 | Spider:2 | Reached skill level 12 in Dodging
 36733 | Spider:1 | Killed Donald
 36734 | Spider:1 | Reached skill level 2 in Summonings
 37517 | Spider:1 | Reached skill level 3 in Summonings
 37836 | Spider:2 | Learned a level 7 spell: Spellforged Servitor
 37868 | Spider:3 | magus.rc [v1.9.6]
 38619 | Spider:3 | Found a corrupted altar of Lugonu.
 38644 | Spider:3 | Reached skill level 4 in Summonings
 39051 | Spider:3 | Gained mutation: Your magical and physical power is
                  | slightly enhanced at high health. [demonic ancestry]
 39051 | Spider:3 | Reached XP level 17. HP: 123/139 MP: 8/31
 39078 | Spider:3 | Reached skill level 11 in Conjurations
 39110 | Spider:3 | Reached skill level 5 in Summonings
 39417 | Spider:3 | Identified the +0 trident "Rily" {drain, Will+}
 40297 | Spider:4 | Entered Level 4 of the Spider Nest
 40403 | Spider:4 | Reached skill level 6 in Summonings
 40717 | Spider:4 | Noticed Agnes
 40720 | Spider:4 | Noticed Mara
 40723 | Spider:4 | Noticed MackTheKnife's illusion
 41442 | Spider:4 | Offered knowledge of Conjure Ball Lightning by Vehumet.
 41713 | Spider:4 | Reached skill level 12 in Conjurations
 41810 | Spider:4 | Reached skill level 7 in Summonings
 41983 | Spider:3 | magus.rc [v1.9.6]
 42008 | Spider:3 | HP: 24/139 [Agnes/+0 lajatang of speed (25)]
 42008 | Spider:3 | Killed Agnes
 43073 | Swamp:1  | Entered Level 1 of the Swamp
 43087 | Swamp:1  | Reached skill level 8 in Summonings
 43218 | Swamp:1  | Reached skill level 9 in Summonings
 43763 | Swamp:1  | Identified the +10 halberd of Tinwo {drain, rElec rPois
                  | Dex-4}
 43931 | Swamp:1  | Reached skill level 10 in Summonings
 44872 | Swamp:1  | Reached skill level 11 in Summonings
 45008 | Swamp:1  | You add the spells Necrotise, Alistair's Intoxication and
                  | Borgnjor's Revivification to your library.
 45008 | Swamp:1  | Got the Book of Evolving Resurrection
 45683 | Swamp:2  | HP: 28/139 [constriction (11)]
 46053 | Swamp:2  | Noticed Louise
 46060 | Swamp:2  | Killed Louise
 46278 | Swamp:2  | Reached XP level 18. HP: 146/146 MP: 22/32
 46433 | Swamp:2  | You pick up a book of Spatial Translocations and begin
                  | reading...
 46433 | Swamp:2  | You add the spells Blink, Momentum Strike and Lesser
                  | Beckoning to your library.
 47046 | Swamp:3  | Identified the ring "Ketappi" {rF+ Str+4 Int-3}
 47699 | Swamp:4  | Entered Level 4 of the Swamp
 47707 | Swamp:4  | Reached skill level 11 in Spellcasting
 47975 | Swamp:4  | Reached skill level 13 in Conjurations
 48978 | Swamp:4  | Offered knowledge of Fire Storm by Vehumet.
 48978 | Swamp:4  | Offered knowledge of Polar Vortex by Vehumet.
 48978 | Swamp:4  | Offered knowledge of Ignition by Vehumet.
 49513 | Swamp:4  | Reached skill level 12 in Spellcasting
 50004 | Swamp:4  | Got a decaying rune of Zot
 50363 | Elf:1    | Entered Level 1 of the Elven Halls
 50367 | Elf:1    | Reached skill level 11 in Fire Magic
 50635 | Elf:1    | You pick up a book of Misfortune and begin reading...
 50663 | Elf:1    | Paralysed by an air elemental for 1 turns
 51071 | Elf:1    | Reached skill level 12 in Fire Magic
 51079 | Elf:1    | Learned a level 3 spell: Stone Arrow
 51245 | Elf:1    | Found a radiant altar of Vehumet.
 52073 | Elf:1    | Identified the amulet "Patetz" {Spirit Fragile rN+ Will+
                  | Regen+}
 52369 | Elf:2    | Gained mutation: Your magical and physical power is
                  | enhanced at high health. [demonic ancestry]
 52369 | Elf:2    | Reached XP level 19. HP: 150/152 MP: 30/35
 52444 | Elf:2    | Found Domaon's Antique Armour Shop.
 52459 | Elf:2    | Bought a twisted ring mail for 270 gold pieces
 52459 | Elf:2    | Identified the +4 ring mail "Wearhaoc" {rElec rF+ Str+4
                  | Dex-2} (You bought it in a shop on level 2 of the Elven
                  | Halls)
 52599 | Elf:2    | Found a runed translucent gate.
 52599 | Elf:2    | Found a runed translucent gate.
 52600 | Elf:2    | Found a runed translucent gate.
 52662 | Elf:2    | Reached skill level 13 in Fire Magic
 52759 | Elf:2    | Found Wemifas's Distillery.
 52768 | Elf:2    | Bought a potion of heal wounds for 70 gold pieces
 52768 | Elf:2    | Bought a potion of heal wounds for 70 gold pieces
 52768 | Elf:2    | Bought a potion of curing for 42 gold pieces
 52768 | Elf:2    | Bought a potion of curing for 42 gold pieces
 52768 | Elf:2    | Bought 2 potions of cancellation for 224 gold pieces
 52866 | Elf:3    | Entered Level 3 of the Elven Halls
 53978 | Elf:3    | Reached skill level 14 in Fire Magic
 54076 | Elf:3    | Found a portal to a secret trove of treasure.
 54154 | Elf:3    | Identified the +0 chain mail of Hoaprifrach {rCorr MP-9
                  | Slay+4 SInv}
 54279 | Elf:3    | Identified the ring "Umuwn" {Will+ Str+6 Int+3 Dex-5}
 54450 | Elf:3    | Identified the +10 trident "Gialatuo" {freeze, rC+ rN+}
 54602 | Elf:3    | Identified the +0 ring mail "Veomn" {rF+}
 54605 | Elf:3    | Reached skill level 15 in Fire Magic
 54705 | Elf:3    | Identified the amulet "Loetexame" {Spirit *Corrode MP+9
                  | Str+2 Dex+5}
 54843 | Elf:3    | You add the spells Ozocubu's Armour and Ozocubu's
                  | Refrigeration to your library.
 54861 | Elf:3    | You pick up a book of Flames and begin reading...
 54864 | Elf:3    | Found the +6 arbalest "Damnation" {damnation}
 54865 | Elf:3    | You pick up a book of Winter and begin reading...
 54867 | Elf:3    | Got the Catalogue of Forms
 54872 | Elf:3    | You pick up a book of Callings and begin reading...
 54872 | Elf:3    | You add the spells Summon Small Mammal and Call Canine
                  | Familiar to your library.
 54885 | Elf:3    | You add the spells Malign Gateway and Summon Horrible
                  | Things to your library.
 54888 | Elf:3    | You add the spells Borgnjor's Vile Clutch and Eringya's
                  | Noxious Bog to your library.
 55206 | Elf:3    | Identified the ring of Honkofumn {*Slow rElec Dex+6 Stlth+}
 55522 | Vaults:1 | Entered Level 1 of the Vaults
 56263 | Spider:4 | HP: 38/152 [something (3)]
 56268 | Spider:4 | HP: 21/152 [something (11)]
 56519 | Spider:4 | Killed Mara
 56521 | Spider:4 | Reached skill level 16 in Fire Magic
 56893 | Spider:4 | Learned a level 8 spell: Ignition
 57112 | Spider:4 | Got a gossamer rune of Zot
 57653 | Vaults:1 | Found Sanekk's Antique Weapon Emporium.
 57824 | Vaults:1 | HP: 18/152 [spore (21)]
 58084 | Vaults:1 | Gained mutation: When seriously injured, your blood forms
                  | very thick armour. (AC +0) [demonic ancestry]
 58084 | Vaults:1 | Reached XP level 20. HP: 159/159 MP: 34/36
 58282 | Vaults:1 | You pick up a book of Winter and begin reading...
 58336 | Vaults:1 | Reached skill level 17 in Fire Magic
 59516 | Vaults:2 | Reached skill level 18 in Fire Magic
 59940 | Vaults:2 | Found a staircase to the Crypt.
 59940 | Vaults:2 | Found a basalt altar of Yredelemnul.
 59941 | Vaults:2 | Found an ancient bone altar of Kikubaaqudgha.
 60146 | Vaults:2 | Found Faxkioss's Magic Scroll Emporium.
 60153 | Vaults:2 | Bought a scroll of blinking for 97 gold pieces
 60153 | Vaults:2 | Bought a scroll of teleportation for 39 gold pieces
 60153 | Vaults:2 | Bought a scroll of fog for 52 gold pieces
 60153 | Vaults:2 | Bought a scroll of fog for 52 gold pieces
 60826 | Vaults:2 | Reached skill level 14 in Conjurations
 61277 | Vaults:3 | Noticed Asterion
 61283 | Vaults:3 | Killed Asterion
 62120 | Vaults:3 | Reached skill level 19 in Fire Magic
 62273 | Vaults:3 | Identified the +3 scale mail of the Hungering Gods {rF+
                  | SInv}
 62623 | Vaults:3 | Found Vapsual's Armour Shoppe.
 62986 | Vaults:4 | Reached skill level 15 in Conjurations
 63212 | Vaults:4 | Gained mutation: Your demonic aura causes all spilled blood
                  | to erupt in flames. [demonic ancestry]
 63212 | Vaults:4 | Reached XP level 21. HP: 165/165 MP: 37/37
 63339 | Vaults:4 | Identified the +5 scale mail "Ylinil" {Harm rF+ Stlth+}
 63453 | Vaults:4 | Reached skill level 16 in Conjurations
 64262 | Vaults:5 | Entered Level 5 of the Vaults
 64264 | Vaults:5 | Reached skill level 17 in Conjurations
 64271 | Vaults:5 | Reached skill level 18 in Conjurations
 64549 | Vaults:4 | Learned a level 9 spell: Fire Storm
 64808 | Depths:1 | Entered Level 1 of the Depths
 64809 | Depths:1 | magus.rc [v1.9.6]
 65071 | Slime:1  | Entered Level 1 of the Pits of Slime
 65175 | Slime:1  | Gained mutation: Potions are less effective at restoring
                  | your health. [a shining eye]
 65305 | Slime:3  | Reached skill level 19 in Conjurations
 65967 | Slime:5  | Entered Level 5 of the Pits of Slime
 66050 | Slime:5  | Reached XP level 22. HP: 172/172 MP: 34/38
 66293 | Slime:5  | Noticed the Royal Jelly
 66326 | Slime:5  | Killed the Royal Jelly
 67360 | Slime:5  | Paralysed by a formless jellyfish for 1 turns
 67562 | Slime:5  | Reached skill level 20 in Conjurations
 68039 | Slime:5  | Identified the +0 ring mail of Ceniti {Slay+5}
 68045 | Slime:5  | Got Fuusk's Compilation of Bombardment and the Torch
 68046 | Slime:5  | Identified the ring "Deg Uqy" {rC+ rCorr Dex+6}
 68077 | Slime:5  | Identified the +1 rapier "Opeisah" {antimagic, Int+3}
 68174 | Slime:5  | Identified the +3 morningstar "Acsuew" {heavy, rElec Int+3}
 68178 | Slime:5  | You pick up a book of Burglary and begin reading...
 68194 | Slime:5  | Got a slimy rune of Zot
 68198 | Slime:5  | Identified the staff "Kageur" {rC+ Str+3 Ice}
 68204 | Slime:5  | You pick up a book of Changes and begin reading...
 68204 | Slime:5  | You add the spells Wereblood and Irradiate to your library.
 68233 | Slime:5  | You pick up a book of Ice and begin reading...
 68246 | Slime:5  | You add the spells Death Channel and Death's Door to your
                  | library.
 68246 | Slime:5  | Got the Volume of Evil
 68821 | Depths:1 | Reached skill level 20 in Fire Magic
 69373 | Depths:1 | Found an ornate altar of the Wu Jian Council.
 69397 | Depths:1 | Found Vubbatar's Weapon Boutique.
 69840 | Depths:1 | Identified the +8 demon blade of the Realm of Zot {heavy,
                  | rC+}
 69850 | Depths:1 | a hell knight comes into view. It is wielding the +7
                  | sceptre of Torment {pain, torment}.
 70008 | Depths:1 | Found a gateway to Hell.
 70125 | Depths:1 | Noticed a caustic shrike
 70332 | Depths:1 | Noticed a juggernaut
 70358 | Depths:1 | Killed a juggernaut
 70427 | Depths:2 | Killed Sojobo
 70822 | Depths:2 | Noticed Bai Suzhen
 70826 | Depths:2 | Killed Bai Suzhen
 71078 | Depths:2 | Reached skill level 21 in Conjurations
 71720 | Depths:2 | Found a one-way gate leading to the halls of Pandemonium.
 71752 | Depths:2 | You pick up a book of the Senses and begin reading...
 71752 | Depths:2 | You add the spells Dazzling Flash and Agony to your
                  | library.
 72072 | Depths:2 | Gained mutation: Your magical and physical power is greatly
                  | enhanced at high health. [demonic ancestry]
 72072 | Depths:2 | Reached XP level 23. HP: 178/178 MP: 23/39
 72235 | Depths:2 | Reached skill level 21 in Fire Magic
 72566 | Depths:2 | You pick up a book of Vapours and begin reading...
 72567 | Depths:2 | Identified the +1 ring mail "Ogiluxor" {Rampage Drain rElec
                  | rCorr}
 72635 | Depths:2 | You add the spells Cigotuvi's Dreadful Rot and Conjure Ball
                  | Lightning to your library.
 72635 | Depths:2 | Got the Elucidation of Filthy Exhalation
 72642 | Depths:2 | Identified the ring "Ximpereg" {rPois rF+ rC++}
 74047 | Depths:3 | You pick up a book of the Hunter and begin reading...
 74047 | Depths:3 | You add the spells Sigil of Binding, Dimensional Bullseye
                  | and Leda's Liquefaction to your library.
 74105 | Depths:3 | Reached skill level 22 in Conjurations
 74589 | Depths:3 | Identified the ring "Hanluic" {rCorr SInv}
 74692 | Depths:3 | You pick up a book of Flames and begin reading...
 74743 | Depths:3 | Identified the staff of Hurghium {*Corrode rC+ Will+ Int+5
                  | Ice Poison}
 74821 | Depths:3 | Identified the +6 morningstar "Neybayff" {venom, Int+6}
 74864 | Depths:3 | Identified the staff of the Freezing God {rElec Int+2 Dex+4
                  | Air}
 75007 | Depths:3 | Found Yzomybb's Assorted Antiques.
 75013 | Depths:3 | Bought a twisted granite ring for 140 gold pieces
 75066 | Depths:3 | Identified the ring "Citaig" {rElec rF+ EV+5 Str+7 Stlth-}
 75124 | Depths:3 | You pick up a book of Debilitation and begin reading...
 75124 | Depths:3 | You add the spells Slow, Vampiric Draining and Confusing
                  | Touch to your library.
 75291 | Depths:3 | Noticed an ancient lich
 75292 | Depths:3 | Found a one-way gateway to a ziggurat.
 75298 | Depths:3 | Killed an ancient lich
 75654 | Zig:1    | Entered Level 1 of a ziggurat
 75683 | Zig:2    | Entered Level 2 of a ziggurat
 75805 | Zig:2    | You pick up a book of Annihilations and begin reading...
 75805 | Zig:2    | You add the spells Chain Lightning and Shatter to your
                  | library.
 75814 | Zig:2    | Lost mutation: You expend magic power (3 MP) to strengthen
                  | your wands. [potion of mutation]
 75814 | Zig:2    | Lost mutation: Potions are less effective at restoring your
                  | health. [potion of mutation]
 75814 | Zig:2    | Gained mutation: Your magical capacity is low. (-10% MP)
                  | [potion of mutation]
 75814 | Zig:2    | Gained mutation: You are weak. (Str -2) [potion of
                  | mutation]
 75814 | Zig:2    | Gained mutation: You are very weak. (Str -4) [potion of
                  | mutation]
 75815 | Zig:2    | Lost mutation: Your magical capacity is low. (-10% MP)
                  | [potion of mutation]
 75815 | Zig:2    | Lost mutation: You are very weak. (Str -4) [potion of
                  | mutation]
 75815 | Zig:2    | Lost mutation: You are weak. (Str -2) [potion of mutation]
 75815 | Zig:2    | Gained mutation: You are weak. (Str -2) [potion of
                  | mutation]
 75815 | Zig:2    | Gained mutation: Armour fits poorly on your strangely
                  | shaped body. [potion of mutation]
 75815 | Zig:2    | Gained mutation: You are frail. (-10% HP) [potion of
                  | mutation]
 75816 | Zig:2    | Lost mutation: You are weak. (Str -2) [potion of mutation]
 75816 | Zig:2    | Lost mutation: Armour fits poorly on your strangely shaped
                  | body. [potion of mutation]
 75816 | Zig:2    | Lost mutation: You are frail. (-10% HP) [potion of
                  | mutation]
 75816 | Zig:2    | Gained mutation: Your movements are slightly less
                  | encumbered by armour. (ER -2) [potion of mutation]
 75816 | Zig:2    | Gained mutation: You occasionally shout uncontrollably at
                  | your foes. [potion of mutation]
 75817 | Zig:2    | Lost mutation: You occasionally shout uncontrollably at
                  | your foes. [potion of mutation]
 75817 | Zig:2    | Lost mutation: Your movements are slightly less encumbered
                  | by armour. (ER -2) [potion of mutation]
 75817 | Zig:2    | Gained mutation: You have a pair of small antennae on your
                  | head. [potion of mutation]
 75817 | Zig:2    | Gained mutation: You are clumsy. (Dex -2) [potion of
                  | mutation]
 75876 | Zig:3    | Entered Level 3 of a ziggurat
 75877 | Zig:3    | Noticed a caustic shrike
 75880 | Zig:3    | Killed a caustic shrike
 75958 | Zig:3    | Identified the -2 cloak "Wimy" {Rampage rElec}
 75966 | Zig:4    | Entered Level 4 of a ziggurat
 75970 | Zig:4    | Reached skill level 22 in Fire Magic
 76077 | Zig:4    | Identified the ring of Wyelal {rN+ Str+2}
 76088 | Zig:4    | Identified a ring "Ymajio Hium" {Fire rN+}
 76092 | Zig:5    | Entered Level 5 of a ziggurat
 76173 | Zig:6    | Entered Level 6 of a ziggurat
 76199 | Zig:6    | Identified the amulet "Fanege" {Faith Int+3 Dex+3}
 76205 | Zig:6    | You add the spells Animate Armour and Lee's Rapid
                  | Deconstruction to your library.
 76205 | Zig:6    | Got the Lessons on Orogeny
 76207 | Zig:6    | You add the spells Animate Dead and Bombard to your
                  | library.
 76207 | Zig:6    | Got the Codex of the Damned and Grit
 76210 | Zig:6    | Reached XP level 24. HP: 185/185 MP: 36/39
 76223 | Zig:6    | You pick up a book of Sloth and begin reading...
 76249 | Zig:7    | Entered Level 7 of a ziggurat
 76252 | Zig:7    | Noticed a curse skull
 76254 | Zig:7    | Killed a curse skull
 76322 | Zig:7    | You pick up a book of the Hunter and begin reading...
 76334 | Zig:8    | Entered Level 8 of a ziggurat
 76370 | Zig:8    | Noticed Wyxacry the pandemonium lord
 76371 | Zig:8    | Reached skill level 5 in Armour
 76374 | Zig:8    | Killed Wyxacry the pandemonium lord
 76375 | Zig:8    | Reached skill level 6 in Armour
 76600 | Zig:9    | Entered Level 9 of a ziggurat
 76606 | Zig:9    | Noticed a caustic shrike
 76606 | Zig:9    | Noticed a caustic shrike
 76608 | Zig:9    | Killed a caustic shrike
 76608 | Zig:9    | Killed a caustic shrike
 76623 | Zig:9    | Reached skill level 7 in Armour
 76627 | Zig:9    | Reached XP level 25. HP: 115/191 MP: 7/39
 76636 | Zig:10   | Entered Level 10 of a ziggurat
 76784 | Zig:10   | Paralysed by an air elemental for 1 turns
 76786 | Zig:10   | Reached skill level 8 in Armour
 76786 | Zig:10   | Found the +27 heavy crossbow "Sniper" {heavy, Acc+∞ SInv}
 76830 | Zig:10   | Identified the staff "Caumpom" {Stlth+ Earth}
 76833 | Zig:10   | Identified the +1 quarterstaff "Baylol" {flame, rPois rCorr
                  | Str-2 Stlth+}
 76839 | Zig:10   | You pick up a book of Air and begin reading...
 76845 | Zig:10   | Reached skill level 9 in Armour
 76845 | Zig:10   | Reached XP level 26. HP: 198/198 MP: 39/39
 76856 | Zig:11   | Entered Level 11 of a ziggurat
 76867 | Zig:11   | Reached skill level 10 in Armour
 76908 | Zig:11   | Identified the ring "Juffarel" {Ice Fly Str+3 Int-4 Stlth+}
 76930 | Zig:12   | Entered Level 12 of a ziggurat
 76940 | Zig:12   | Noticed an ancient lich
 76940 | Zig:12   | Noticed an ancient lich
 76942 | Zig:12   | Reached skill level 23 in Conjurations
 76942 | Zig:12   | Killed an ancient lich
 76944 | Zig:12   | Noticed an ancient lich
 76946 | Zig:12   | Killed an ancient lich
 76947 | Zig:12   | Killed an ancient lich
 76961 | Zig:12   | Found the crystal ball of Wucad Mu {*channel}
 77031 | Zig:12   | You add the spells Ignite Poison, Summon Ice Beast and
                  | Summon Mana Viper to your library.
 77031 | Zig:12   | Got the Elucidation of Calculation
 77040 | Zig:12   | You add the spells Summon Forest and Summon Hydra to your
                  | library.
 77042 | Zig:12   | You pick up a book of Frost and begin reading...
 77042 | Zig:12   | You add the spells Freeze and Hailstorm to your library.
 77052 | Zig:13   | Entered Level 13 of a ziggurat
 77058 | Zig:13   | Noticed an ancient lich
 77063 | Zig:13   | Noticed an ancient lich
 77065 | Zig:13   | Noticed a dread lich
 77066 | Zig:13   | Killed a dread lich
 77066 | Zig:13   | Killed an ancient lich
 77067 | Zig:13   | Noticed a dread lich
 77068 | Zig:13   | Killed a dread lich
 77068 | Zig:13   | Noticed a dread lich
 77070 | Zig:13   | Killed a dread lich
 77070 | Zig:13   | Killed a dread lich
 77071 | Zig:13   | Reached skill level 23 in Fire Magic
 77093 | Zig:13   | Identified the +11 long sword of Instant Death {holy, rN+
                  | Str+3 SInv}
 77103 | Zig:13   | You pick up a book of the Hunter and begin reading...
 77104 | Zig:13   | Identified the +1 leather armour "Ufosmae" {rCorr Int+3}
 77125 | Zig:14   | Entered Level 14 of a ziggurat
 77139 | Zig:14   | Noticed an ancient lich
 77139 | Zig:14   | Noticed an ancient lich
 77141 | Zig:14   | Noticed an ancient lich
 77142 | Zig:14   | Noticed an ancient lich
 77143 | Zig:14   | Killed an ancient lich
 77143 | Zig:14   | Killed an ancient lich
 77143 | Zig:14   | Killed an ancient lich
 77144 | Zig:14   | Killed an ancient lich
 77145 | Zig:14   | Reached skill level 24 in Conjurations
 77145 | Zig:14   | Noticed a dread lich
 77153 | Zig:14   | Killed a dread lich
 77232 | Zig:14   | Identified the +3 hand axe of the Inferno {freeze, +Blink
                  | rElec rC+ Dex-4}
 77237 | Zig:14   | Acquired 628 gold pieces
 77262 | Zig:15   | Entered Level 15 of a ziggurat
 77272 | Zig:15   | Noticed a curse skull
 77273 | Zig:15   | Killed a curse skull
 77274 | Zig:15   | Noticed a dread lich
 77275 | Zig:15   | Noticed a dread lich
 77276 | Zig:15   | Killed a curse skull
 77277 | Zig:15   | Killed an ancient lich
 77277 | Zig:15   | Killed a dread lich
 77278 | Zig:15   | Noticed a curse skull
 77279 | Zig:15   | Killed a dread lich
 77279 | Zig:15   | Killed a curse skull
 77302 | Zig:15   | Identified the ring of Liph {rC++ MP+9}
 77325 | Zig:15   | Identified the ring "Dolan" {*Slow rPois rF+ rC+ Int+3}
 77331 | Zig:15   | Reached XP level 27. HP: 204/204 MP: 39/39
 77333 | Zig:15   | Got Mylloopa's Opusculum on Electricity and the Plateau
 77339 | Zig:16   | Entered Level 16 of a ziggurat
 77363 | Zig:16   | Reached skill level 15 in Fighting
 77375 | Zig:16   | Identified the +10 glaive of Responsibility {flame, rC+
                  | Will- Str-5 Dex+6}
 77378 | Zig:16   | Identified the ring of Zin's Generosity {rF+ Will+ rCorr
                  | Str+6 Slay-2}
 77385 | Zig:16   | Identified the +0 great sword "Upuypi" {venom, Str+3}
 77402 | Zig:16   | Got the Cyclopedia of Torrid Breccia
 77437 | Zig:17   | Entered Level 17 of a ziggurat
 77457 | Zig:18   | Entered Level 18 of a ziggurat
 77503 | Zig:18   | Noticed a curse skull
 77509 | Zig:18   | Identified the +1 leather armour of the Present {Harm
                  | rPois}
 77514 | Zig:19   | Entered Level 19 of a ziggurat
 77545 | Zig:19   | Reached skill level 11 in Air Magic
 77547 | Zig:19   | Reached skill level 16 in Fighting
 77665 | Zig:19   | You pick up a book of the Wilderness and begin reading...
 77673 | Zig:19   | Got Ubbon's Teachings on Unclean Variation
 77678 | Zig:19   | Identified the +1 robe of Too Many Cooks {rElec rN+ Dex-2}
 77681 | Zig:19   | Identified the +7 trident "Ashre" {flame, rN+ Will+ Int-3}
 77694 | Zig:19   | Got the Almanac of Rotting Interference
 77698 | Zig:19   | You pick up a book of Changes and begin reading...
 77709 | Zig:20   | Entered Level 20 of a ziggurat
 77732 | Zig:20   | Noticed a royal mummy
 77734 | Zig:20   | Killed a royal mummy
 77735 | Zig:20   | Noticed a royal mummy
 77737 | Zig:20   | Killed a royal mummy
 77738 | Zig:20   | Reached skill level 17 in Fighting
 77740 | Zig:20   | HP: 39/214 [torment (16)]
 77741 | Zig:20   | Noticed a royal mummy
 77742 | Zig:20   | Killed a royal mummy
 77814 | Zig:20   | Identified the ring of Geitesk {rC+ Str+2 SInv}
 77820 | Zig:20   | Got the Precepts of Apparitions
 77831 | Zig:20   | Identified the staff of Nice Purpose {rPois rC++ rN+ Will+
                  | Stlth+ Necro}
 77836 | Zig:20   | You pick up a book of Callings and begin reading...
 77842 | Zig:20   | Identified the +1 helmet of Nin Qidd {Int+2}
 77843 | Zig:20   | Identified the +5 hand axe "Raelilo" {flame, Dex+3}
 77847 | Zig:20   | You pick up a book of Hexes and begin reading...
 77848 | Zig:20   | Identified the +0 leather armour of Qoacyq {rN+ Int+3
                  | Slay+3 Stlth+}
 77852 | Zig:20   | You pick up a book of the Moon and begin reading...
 77862 | Zig:21   | Entered Level 21 of a ziggurat
 77939 | Zig:21   | Reached skill level 18 in Fighting
 77952 | Zig:21   | Noticed a curse skull
 77954 | Zig:21   | Killed a curse skull
 77978 | Zig:21   | Reached skill level 19 in Fighting
 78040 | Zig:21   | Found the necklace of Bloodlust {Fury *Rage Will++ Int-3
                  | Slay+6}
 78055 | Zig:21   | You pick up a book of Frost and begin reading...
 78069 | Zig:21   | Identified the amulet "Xounine" {Spirit Fly Slay+5}
 78075 | Zig:21   | You pick up a book of Blasting and begin reading...
 78094 | Zig:22   | Entered Level 22 of a ziggurat
 78117 | Zig:22   | Reached skill level 20 in Fighting
 78142 | Zig:22   | Reached skill level 21 in Fighting
 78275 | Zig:22   | Identified the ring "Decysuth" {rElec rC+ Int+3 Slay+2}
 78279 | Zig:22   | You pick up a book of Scorching and begin reading...
 78290 | Zig:22   | You pick up a book of the Spheres and begin reading...
 78290 | Zig:22   | You add the spells Iskenderun's Battlesphere and Fireball
                  | to your library.
 78298 | Zig:22   | You pick up a book of Conjurations {@e2} and begin
                  | reading...
 78299 | Zig:22   | Identified the +0 chain mail of Gozag's Fury {Regen+ Str+3}
 78326 | Zig:23   | Entered Level 23 of a ziggurat
 78334 | Zig:23   | Noticed a caustic shrike
 78338 | Zig:23   | Noticed a caustic shrike
 78342 | Zig:23   | Noticed a caustic shrike
 78346 | Zig:23   | Killed a caustic shrike
 78346 | Zig:23   | Killed a caustic shrike
 78348 | Zig:23   | Reached skill level 12 in Air Magic
 78354 | Zig:23   | Noticed a caustic shrike
 78355 | Zig:23   | Noticed a caustic shrike
 78373 | Zig:23   | Noticed a caustic shrike
 78373 | Zig:23   | Noticed a caustic shrike
 78375 | Zig:23   | Identified the staff "Hodyext" {Fly rF+ rN+ Str+2 Stlth+
                  | Fire}
 78377 | Zig:24   | Entered Level 24 of a ziggurat
 78411 | Zig:24   | magus.rc [v1.9.6]
 78412 | Zig:24   | Noticed a caustic shrike
 78414 | Zig:24   | Killed a caustic shrike
 78417 | Zig:24   | magus.rc [v1.9.6]
 78418 | Zig:24   | Noticed a caustic shrike
 78419 | Zig:24   | Noticed a caustic shrike
 78422 | Zig:24   | Killed a caustic shrike
 78422 | Zig:24   | Killed a caustic shrike
 78422 | Zig:24   | Noticed a caustic shrike
 78422 | Zig:24   | Noticed a caustic shrike
 78423 | Zig:24   | Killed a caustic shrike
 78424 | Zig:24   | Killed a caustic shrike
 78425 | Zig:24   | Reached skill level 13 in Air Magic
 78428 | Zig:24   | Noticed a caustic shrike
 78431 | Zig:24   | Killed a caustic shrike
 78438 | Zig:24   | Noticed an ancient lich
 78438 | Zig:24   | Noticed a caustic shrike
 78448 | Zig:25   | Entered Level 25 of a ziggurat
 78479 | Zig:25   | Reached skill level 14 in Air Magic
 78487 | Zig:25   | Reached skill level 15 in Air Magic
 78523 | Zig:25   | Reached skill level 16 in Air Magic
 78527 | Zig:25   | You pick up a book of Beasts and begin reading...
 78533 | Zig:25   | You pick up a book of Scorching and begin reading...
 78542 | Zig:25   | Identified the amulet "Raceomm" {Reflect Int+4 Dex+2 SH+5}
 78552 | Zig:25   | You pick up a book of the Warp and begin reading...
 78560 | Zig:26   | Entered Level 26 of a ziggurat
 78584 | Zig:26   | Reached skill level 17 in Air Magic
 78586 | Zig:26   | Reached skill level 22 in Fighting
 78590 | Zig:26   | Noticed an ancient lich
 78592 | Zig:26   | Killed an ancient lich
 78596 | Zig:26   | Identified +0 gold dragon scales
 78597 | Zig:26   | Reached skill level 23 in Fighting
 78629 | Zig:26   | Identified the +5 kite shield "Ficudgh" {Harm rCorr Str-5
                  | Dex+2}
 78632 | Zig:26   | Identified the staff of Floods {Fly rElec rC+ Air}
 78635 | Zig:26   | Identified the +2 halberd of the Heart {vamp, rF+}
 78638 | Zig:26   | Identified the +4 dagger "Fowut" {drain, rF+ Dex+2}
 78642 | Zig:26   | Got the Secrets of Transposition
 78644 | Zig:26   | You pick up a book of Blasting and begin reading...
 78660 | Zig:26   | You pick up a book of Air and begin reading...
 78665 | Zig:27   | Entered Level 27 of a ziggurat
 78682 | Zig:27   | Noticed a pearl dragon
 78685 | Zig:27   | Killed a pearl dragon
 78686 | Zig:27   | Reached skill level 18 in Air Magic
 78686 | Zig:27   | Noticed a pearl dragon
 78687 | Zig:27   | Killed a pearl dragon
 78688 | Zig:27   | Noticed a pearl dragon
 78689 | Zig:27   | Killed a pearl dragon
 78690 | Zig:27   | Noticed a pearl dragon
 78691 | Zig:27   | Noticed a pearl dragon
 78691 | Zig:27   | Killed a pearl dragon
 78692 | Zig:27   | Killed a pearl dragon
 78692 | Zig:27   | Killed a pearl dragon
 78692 | Zig:27   | Identified +0 pearl dragon scales
 78694 | Zig:27   | Noticed a pearl dragon
 78696 | Zig:27   | Killed a pearl dragon
 78698 | Zig:27   | Noticed a pearl dragon
 78698 | Zig:27   | Killed a pearl dragon
 78699 | Zig:27   | Reached skill level 24 in Fighting
 78699 | Zig:27   | Noticed a pearl dragon
 78700 | Zig:27   | Killed a pearl dragon
 78704 | Zig:27   | Noticed a pearl dragon
 78704 | Zig:27   | Noticed a pearl dragon
 78705 | Zig:27   | Killed a pearl dragon
 78708 | Zig:27   | Noticed a pearl dragon
 78708 | Zig:27   | Killed a pearl dragon
 78710 | Zig:27   | Killed a pearl dragon
 78713 | Zig:27   | Identified the +1 tower shield of Instinct {rCorr Dex+2
                  | Slay+5}
 78715 | Zig:27   | Noticed a pearl dragon
 78716 | Zig:27   | Killed a pearl dragon
 78716 | Zig:27   | Killed a pearl dragon
 78717 | Zig:27   | Reached skill level 25 in Fighting
 78717 | Zig:27   | Reached skill level 19 in Air Magic
 78725 | Zig:27   | h - +0 pearl dragon scales {rare=g}
 78738 | Zig:27   | You finish putting on your +0 pearl dragon scales {rare=g}.
 78745 | Zig:27   | Found the +0 pair of fencer's gloves {Riposte Dex+3}
 78747 | Zig:27   | Found the +4 skin of Zhor {*Englaciate rC+++ SInv}
 78752 | Zig:27   | Identified the +5 rapier "Bietaod" {holy, rC- MP+9 Dex+2}
 78755 | Zig:27   | Identified the +2 quick blade of the Eggplant {spect, rPois
                  | Int+5}
 78761 | Zig:27   | Identified the amulet of Uziap {rElec rN+ Regen+}
 78769 | Zig:27   | You pick up a book of Necromancy and begin reading...
 78771 | Zig:27   | Identified the granite talisman of Emirph {rN+ Dex+4}
 78781 | Zig:27   | Identified the ring "Wualyomu" {*Slow EV+5 Str-3 Dex+7}
 78785 | Zig:27   | Got the Annotations on the Barrage and the Panacea
 78786 | Zig:27   | Identified the amulet "Rosu" {Acrobat +Inv rElec Str+2
                  | Dex-4}
 78793 | Zig:27   | Identified the ring "Modowasa" {rCorr Int+6 Slay+2}
 78799 | Zig:27   | You pick up a book of Air and begin reading...
 78811 | Depths:3 | your +0 pearl dragon scales {rare=g} glow green for a
                  | moment.
 78817 | Depths:3 | You finish taking off your +1 pearl dragon scales {rare=g}.
 78822 | Depths:3 | You finish putting on your +1 pearl dragon scales {rare=g}.
 78826 | Depths:3 | your +1 pearl dragon scales {rare=g} glow green for a
                  | moment.
 78827 | Depths:3 | your +2 pearl dragon scales {rare=g} glow green for a
                  | moment.
 78828 | Depths:3 | your +3 pearl dragon scales {rare=g} glow green for a
                  | moment.
 78829 | Depths:3 | your +4 pearl dragon scales {rare=g} glow green for a
                  | moment.
 78830 | Depths:3 | your +5 pearl dragon scales {rare=g} glow green for a
                  | moment.
 78831 | Depths:3 | your +6 pearl dragon scales {rare=g} glow green for a
                  | moment.
 78832 | Depths:3 | your +7 pearl dragon scales {rare=g} glow green for a
                  | moment.
 78860 | Depths:4 | Entered Level 4 of the Depths
 78865 | Depths:4 | Reached skill level 24 in Fire Magic
 79011 | Depths:4 | Noticed a caustic shrike
 79013 | Depths:4 | Killed a caustic shrike
 79014 | Depths:4 | Noticed a caustic shrike
 79294 | Depths:4 | Noticed a caustic shrike
 79297 | Depths:4 | Noticed a caustic shrike
 79301 | Depths:3 | Killed a caustic shrike
 79645 | Depths:4 | Killed a caustic shrike
 79646 | Depths:4 | Reached skill level 25 in Conjurations
 79820 | Depths:4 | Killed a caustic shrike
 79820 | Depths:4 | Noticed a caustic shrike
 79956 | Depths:4 | Killed a caustic shrike
 80363 | Depths:4 | Identified the +8 halberd of Quantum Leap {drain, Str+7}
 80546 | Depths:4 | Found a blossoming altar of Fedhas.
 81310 | Depths:4 | Found a gate to the Realm of Zot.
 81920 | Vaults:5 | Noticed an ancient lich
 82103 | Vaults:4 | Killed an ancient lich
 82104 | Vaults:4 | Reached skill level 13 in Spellcasting
 82541 | Vaults:5 | Identified the staff of the Dragonfly {rN+ rCorr Dex+4
                  | Necro}
 83037 | Vaults:5 | Noticed a dread lich
 83063 | Vaults:5 | Killed a dread lich
 83450 | Vaults:5 | Identified the +4 quarterstaff of Tumult {pain, rN+ Str-4
                  | Int+2}
 83453 | Vaults:5 | Identified the +3 ring mail of a wizard's laboratory
                  | {+Blink rF+ Will+ Int-5}
 83621 | Vaults:5 | Found Yvic's Assorted Antiques.
 83628 | Vaults:5 | Bought an embroidered scarf for 248 gold pieces
 83631 | Vaults:5 | Got a silver rune of Zot
 83821 | Vaults:5 | your +8 pearl dragon scales {rare=g} glow green for a
                  | moment.
 83839 | Vaults:5 | your +9 pearl dragon scales {rare=g} glow green for a
                  | moment.
 84689 | Zot:1    | Entered Level 1 of the Realm of Zot
 84703 | Depths:4 | Learned a level 9 spell: Chain Lightning
 84792 | Zot:1    | Reached skill level 14 in Spellcasting
 84919 | Zot:1    | quicksilver dragon scales {rare}; a quicksilver dragon
                  | corpse
 84972 | Zot:1    | Noticed an electric golem
 85050 | Zot:1    | quicksilver dragon scales {rare}; a quicksilver dragon
                  | corpse
 85269 | Zot:1    | quicksilver dragon scales {rare}; a quicksilver dragon
                  | skeleton
 85325 | Zot:1    | Killed an electric golem
 86224 | Zot:1    | Reached skill level 15 in Spellcasting
 86822 | Zot:2    | Reached skill level 20 in Air Magic
 87677 | Zot:2    | Identified +0 gold dragon scales
 87679 | Zot:2    | +0 gold dragon scales {rare}; a golden dragon corpse
 88645 | Zot:3    | Reached skill level 16 in Spellcasting
 88646 | Zot:3    | your +10 pearl dragon scales {rare=g} melds into your body.
 88648 | Zot:3    | your +10 pearl dragon scales {rare=g} unmelds from your
                  | body.
 88663 | Zot:3    | You are sucked into a shaft and drop 1 floor!
 89045 | Zot:3    | Found Daupnynk's CLEARANCE SALE!.
 89052 | Zot:3    | Bought a scroll of blinking for 22 gold pieces
 89399 | Zot:3    | Identified +0 gold dragon scales
 89400 | Zot:3    | Reached skill level 21 in Air Magic
 89470 | Zot:3    | +0 gold dragon scales {rare}; a golden dragon corpse
 89474 | Zot:3    | +0 gold dragon scales {rare}; a golden dragon corpse
 89474 | Zot:3    | Identified the +2 leather armour "Wudal" {Int+3 Dex+4}
 91297 | Zot:4    | You pick up a book of Ice and begin reading...
 91321 | Zot:4    | Reached skill level 22 in Air Magic
 91734 | Zot:4    | Learned a level 7 spell: Orb of Destruction
 91771 | Zot:4    | Identified +0 gold dragon scales
 91933 | Zot:4    | +0 shadow dragon scales {rare}; a shadow dragon corpse
 91940 | Zot:4    | +0 shadow dragon scales {rare}; a shadow dragon corpse
 92449 | Zot:5    | Entered Level 5 of the Realm of Zot
 93413 | Zot:5    | Noticed an electric golem
 93416 | Zot:5    | Killed an electric golem
 93648 | Zot:5    | Noticed a dread lich
 93649 | Zot:5    | Killed a dread lich
 93654 | Zot:5    | Reached skill level 23 in Air Magic
 93654 | Zot:5    | Noticed an electric golem
 93781 | Zot:5    | Noticed a dread lich
 93783 | Zot:5    | Killed a dread lich
 93849 | Zot:5    | Noticed a dread lich
 93851 | Zot:5    | Killed a dread lich
 93905 | Zot:5    | Noticed an orb of fire
 93907 | Zot:5    | Killed an electric golem
 93911 | Zot:5    | Gained mutation: You are dopey. (Int -2) [an orb of fire]
 93913 | Zot:5    | Gained mutation: You are very clumsy. (Dex -4) [an orb of
                  | fire]
 93914 | Zot:5    | Killed an orb of fire
 93925 | Zot:5    | Lost mutation: You are dopey. (Int -2) [potion of mutation]
 93925 | Zot:5    | Lost mutation: You have a pair of small antennae on your
                  | head. [potion of mutation]
 93925 | Zot:5    | Gained mutation: Your spells are a little harder to cast,
                  | but a little more powerful. [potion of mutation]
 93925 | Zot:5    | Gained mutation: You occasionally lose the ability to drink
                  | potions when taking damage. [potion of mutation]
 93925 | Zot:5    | Gained mutation: You passively dampen the noise of your
                  | surroundings. [potion of mutation]
 93925 | Zot:5    | Gained mutation: You have a pair of small antennae on your
                  | head. [potion of mutation]
 94125 | Zot:5    | Reached skill level 25 in Fire Magic
 94342 | Zot:5    | Noticed an orb of fire
 94342 | Zot:5    | Gained mutation: You sometimes lose your temper in combat.
                  | [an orb of fire]
 94345 | Zot:5    | Gained mutation: You are dopey. (Int -2) [an orb of fire]
 94347 | Zot:5    | Killed an orb of fire
 94552 | Zot:5    | Noticed an ancient lich
 94556 | Zot:5    | Killed an ancient lich
 94896 | Zot:5    | Got the Orb of Zot
 94927 | Zot:5    | Noticed Hioxtoem the pandemonium lord
 94930 | Zot:5    | Killed Hioxtoem the pandemonium lord
 95631 | D:15     | Reached skill level 26 in Fire Magic
 95652 | D:14     | Lost mutation: You have a pair of small antennae on your
                  | head. [potion of mutation]
 95652 | D:14     | Lost mutation: You are dopey. (Int -2) [potion of mutation]
 95652 | D:14     | Gained mutation: You are somewhat resistant to further
                  | mutation. [potion of mutation]
 95653 | D:14     | Lost mutation: You are very clumsy. (Dex -4) [potion of
                  | mutation]
 95653 | D:14     | Lost mutation: You passively dampen the noise of your
                  | surroundings. [potion of mutation]
 95653 | D:14     | Lost mutation: You sometimes lose your temper in combat.
                  | [potion of mutation]
 95654 | D:14     | Lost mutation: You are somewhat resistant to further
                  | mutation. [potion of mutation]
 95654 | D:14     | Lost mutation: Your spells are a little harder to cast, but
                  | a little more powerful. [potion of mutation]
 95654 | D:14     | Gained mutation: You sometimes lose your temper in combat.
                  | [potion of mutation]
 95654 | D:14     | Gained mutation: You are somewhat resistant to further
                  | mutation. [potion of mutation]
 95655 | D:14     | Lost mutation: You are clumsy. (Dex -2) [potion of
                  | mutation]
 95655 | D:14     | Lost mutation: You are somewhat resistant to further
                  | mutation. [potion of mutation]
 95655 | D:14     | Lost mutation: You sometimes lose your temper in combat.
                  | [potion of mutation]
 95655 | D:14     | Gained mutation: You are clumsy. (Dex -2) [potion of
                  | mutation]
 95655 | D:14     | Gained mutation: Your mind is acute. (Int +4, Str/Dex -1)
                  | [potion of mutation]
 95655 | D:14     | Gained mutation: You expend magic power (3 MP) to
                  | strengthen your wands. [potion of mutation]
 95656 | D:14     | Lost mutation: Your mind is acute. (Int +4, Str/Dex -1)
                  | [potion of mutation]
 95656 | D:14     | Lost mutation: You occasionally lose the ability to drink
                  | potions when taking damage. [potion of mutation]
 95656 | D:14     | Lost mutation: You expend magic power (3 MP) to strengthen
                  | your wands. [potion of mutation]
 95656 | D:14     | Lost mutation: You are clumsy. (Dex -2) [potion of
                  | mutation]
 95656 | D:14     | Gained mutation: You are vulnerable to heat. (rF-) [potion
                  | of mutation]
 95656 | D:14     | Gained mutation: You have a somewhat thin skeletal
                  | structure. (Dex +2, Stealth+) [potion of mutation]
 95808 | D:12     | Noticed Mizyniunatz the pandemonium lord
 96055 | D:6      | Noticed Tobuvuof the pandemonium lord
 96059 | D:6      | Killed Tobuvuof the pandemonium lord
 96339 | D:4      | Noticed Natasha
 96477 | D:1      | Killed Natasha
 96653 | D:1      | Noticed Ranniu the pandemonium lord
 96658 | D:1      | Killed Ranniu the pandemonium lord
 96674 | D:1      | Gained mutation: You occasionally shout uncontrollably at
                  | your foes. [a cacodemon]
 96710 | D:1      | Reached skill level 27 in Fire Magic
 96711 | D:$      | Escaped with the Orb!

Vanquished Creatures
  the Royal Jelly (Slime:5)
  11 dread liches
  13 ancient liches
  Mara (Spider:4)
  2 orbs of fire (Zot:5)
  3 royal mummies (Zig:20)
  5 shard shrikes (Zig:25)
  Bai Suzhen (Depths:2)
  8 Killer Klowns
  3 pandemonium lords
  15 caustic shrikes
  18 golden dragons
  11 pearl dragons (Zig:27)
  6 bone dragons
  2 profane servitors
  3 electric golems
  9 Tzitzimimeh
  2 Brimstone Fiends (Depths:3)
  6 doom hounds (Zig:19)
  2 Hell Sentinels
  Rupert (D:15)
  7 Ice Fiends (Zig:25)
  A tainted leviathan (Zig:19)
  11 titans
  A walking frostbound tome (Depths:3)
  A deep elf master archer (Zig:10)
  11 liches
  35 Orb Guardians
  16 tentacled monstrosities
  Asterion (Vaults:3)
  A walking divine tome (Zig:22)
  A walking earthen tome (Depths:3)
  20 sphinxes
  8 quicksilver dragons
  5 Executioners
  14 ancient champions
  12 acid blobs
  13 death cobs
  8 tentacled starspawn
  Donald (Spider:1)
  9 storm dragons
  8 shadow dragons
  A fenstrider witch (Swamp:1)
  15 tengu reavers
  11 daevas
  10 azure jellies
  6 rockslimes (Slime:5)
  5 draconian monks
  10 draconian knights
  3 iron dragons
  6 deep elf sorcerers
  2 nagarajas (Zig:11)
  2 demonspawn warmongers
  4 emperor scorpions
  7 revenants
  5 quicksilver elementals
  9 fire giants
  5 draconian scorchers
  2 deep elf elementalists (Elf:3)
  12 ghost moths
  24 frost giants
  2 spectral caustic shrikes (Depths:2)
  20 vault wardens
  A spriggan defender (Depths:4)
  4 caustic shrike skeletons (Depths:2)
  5 broodmothers
  4 curse skulls
  6 angels (Zig:27)
  7 formless jellyfish
  6 draconian stormcallers
  6 quicksilver oozes
  4 draconian shifters
  2 balrugs
  3 cacodemons
  17 ironbound preservers
  9 stone giants
  A demonspawn blood saint (Zig:8)
  An orc warlord (Orc:2)
  6 reapers
  13 draconian annihilators
  6 ophanim (Zig:27)
  16 very ugly things
  2 ghouls
  3 demonspawn corrupters
  6 war gargoyles
  2 juggernaut skeletons
  15 apis (Zig:27)
  2 ironbound thunderhulks
  7 vampire knights
  6 green draconians
  5 deep elf demonologists
  2 demonspawn black suns
  8 putrid mouths (Zig:19)
  3 eleionomae
  7 black draconians
  4 dire elephants
  2 lorocyprocas
  15 yellow draconians
  5 deep elf annihilators
  A minotaur (D:11)
  11 red draconians
  10 starcursed masses
  2 bunyips
  15 purple draconians
  5 spark wasps
  5 white draconians
  16 ettins
  7 deep elf death magi
  11 blizzard demons
  10 eidola
  9 fire dragons
  5 mummy priests (Zig:20)
  2 entropy weavers
  A jiangshi (Zig:21)
  A crystal guardian (Zig:22)
  6 deep elf high priests
  5 nameless horrors
  14 yaktaur captains
  13 great orbs of eyes
  A juggernaut simulacrum (Zig:25)
  2 salamander tyrants (Zig:11)
  18 hydras
  2 caustic shrike simulacra (Zig:25)
  31 vault guards
  12 ice dragons
  8 ironbound frosthearts
  A quicksilver dragon skeleton (Zig:20)
  An ogre mage (Zig:13)
  3 hell beasts
  2 death knights (D:15)
  2 spriggan air magi
  5 two-headed ogres
  3 centaur warriors
  2 jorogumos
  5 ghost crabs
  2 two-headed ogres (shapeshifter)
  A sphinx zombie (Zig:20)
  The ghost of MrCrawl the Arsonist, a journeyman DrFE of Vehumet (D:11)
  5 radroaches
  4 alligators
  3 spriggan skeletons (Depths:2)
  3 catoblepae
  12 death yaks
  5 deep troll shamans
  A naga warrior (Zig:11)
  8 boulder beetles
  10 deep troll earth magi
  10 dancing weapons
  6 death scarabs (Zig:20)
  3 tengu warriors
  4 hell hogs
  5 spriggan berserkers
  Urug (Orc:1)
  16 demonic crawlers
  A shock serpent (Zig:11)
  12 vampire magi
  8 thrashing horrors
  6 soul eaters
  2 sphinx skeletons
  A titan zombie (Zig:20)
  6 sun demons
  6 orc high priests
  6 hell knights
  A naga sharpshooter (Zig:11)
  2 skysharks (shapeshifter) (Vaults:5)
  8 wretched stars
  2 crystal echidnas
  A skyshark (Lair:4)
  10 skeletal warriors
  9 deep elf knights
  7 pharaoh ants
  8 sun moths
  13 cherubim
  2 storm dragon skeletons (Depths:2)
  A sixfirhy (Zig:8)
  A goliath frog (Swamp:4)
  2 titan skeletons (Depths:2)
  7 iron trolls
  4 shadow wraiths
  8 glowing orange brains
  A spriggan druid (Swamp:4)
  2 spatial maelstroms (Zig:22)
  The ghost of MrCrawl the Thaumaturge, a novice DrFE of Sif Muna (D:11)
  8 flayed ghosts
  48 deep trolls
  5 orb spiders
  9 deep elf archers
  4 swamp dragons (Swamp:4)
  9 obsidian statues
  2 shadow dragon zombies (Zig:20)
  6 lindwurms
  4 bog bodies
  11 phantasmal warriors
  16 ironbound convokers
  6 shadow demons
  A spriggan simulacrum (Zig:25)
  3 orange crystal statues
  A tengu zombie (Vaults:4)
  2 golden dragon skeletons
  6 necromancers
  5 arcanists
  21 deep elf pyromancers
  13 orc knights
  5 steelbarb worms
  13 deep elf zephyrmancers
  31 wolf spiders
  6 orc sorcerers
  4 shining eyes
  An iron dragon zombie (Zig:20)
  2 sphinx simulacra (Zig:25)
  2 oklob plants (D:11)
  3 shadow dragon skeletons
  6 cyclopes
  5 manticores
  17 large abominations
  A cyclops (shapeshifter) (Zig:14)
  7 will-o-the-wisps
  25 moths of wrath
  A salamander (Zig:11)
  31 ugly things
  A guardian serpent (shapeshifter) (Depths:3)
  12 black mambas
  2 fire giant skeletons (Depths:2)
  13 elephants
  2 water nymphs (shapeshifter)
  Joseph (Lair:1)
  4 guardian serpents (Zig:11)
  A human skeleton (Vaults:4)
  A frost giant skeleton (Depths:2)
  A stone giant skeleton (Depths:2)
  2 titan simulacra (Depths:3)
  Maggie (D:7)
  An eye of devastation (Slime:5)
  10 smoke demons
  21 vault sentinels
  A rust devil (D:1)
  3 naga magi (Zig:11)
  8 torpor snails
  3 ice statues
  An apocalypse crab (Zig:22)
  5 cane toads
  3 orange demons
  A storm dragon simulacrum (Zig:25)
  A rime drake (shapeshifter) (Zig:13)
  19 yaktaurs
  An unseen horror (D:13)
  A kobold demonologist (D:10)
  5 efreet
  A komodo dragon (shapeshifter) (Vaults:5)
  An unseen horror (shapeshifter) (Zig:26)
  An anaconda simulacrum (Lair:1)
  5 tengu conjurers
  3 hellions
  2 golden dragon simulacra (Zig:25)
  5 freezing wraiths (D:15)
  7 rime drakes
  10 ice devils
  A spark wasp simulacrum (Depths:3)
  6 ancient zymes
  4 tormentors
  11 komodo dragons
  9 guardian mummies (Zig:20)
  3 meliai (Spider:3)
  6 hornets
  A red devil (D:12)
  6 burning bushes (Lair:5)
  A queen bee (Gauntlet)
  A silent spectre (Zig:19)
  2 hellwings
  15 trolls
  7 tyrant leeches
  2 bloated husks
  A tengu simulacrum (Zig:25)
  A queen bee (shapeshifter) (Vaults:5)
  A hornet (shapeshifter) (Elf:3)
  A shadow dragon simulacrum (Zig:25)
  16 tarantellas
  6 dream sheep (Lair:5)
  3 glass eyes
  An ettin zombie (Vaults:1)
  18 blink frogs (Lair:5)
  3 polar bears
  5 raiju
  58 slime creatures
  25 flying skulls
  24 jumping spiders
  2 air elementals
  5 ynoxinuls
  4 spriggans
  28 culicivoras
  58 yaks
  8 ushabtiu (Zig:20)
  A vampire (Zig:5)
  7 wyverns
  13 small abominations (Lair:5)
  5 water elementals
  3 shadows
  3 fire elementals
  10 humans
  3 basilisks
  2 chaos spawn (Lair:5)
  6 neqoxecs
  12 golden eyes
  2 vampire mosquitoes (D:14)
  An elf simulacrum (Vaults:4)
  A warg (shapeshifter) (Depths:4)
  Menkaure (D:7)
  6 wargs
  19 swamp worms
  58 redbacks
  2 nagas (Zig:11)
  A glowing shapeshifter zombie (Zig:20)
  2 acid dragons
  20 water moccasins
  4 hell hounds (D:1)
  5 swamp drakes (Swamp:4)
  4 glowing shapeshifter skeletons
  44 orc warriors
  5 ice beasts
  3 black bears
  3 sky beasts
  10 ogres
  6 wolves
  A centaur (shapeshifter) (D:15)
  2 centaurs (D:7)
  5 kobold brigands
  Blork the orc (D:4)
  8 bullfrogs
  An ogre simulacrum (Vaults:4)
  4 earth elementals
  A necrophage (Swamp:4)
  2 scorpions (Lair:3)
  8 wights
  A blink frog simulacrum (Lair:1)
  19 killer bees
  6 howler monkeys
  2 rime drake simulacra (Lair:1)
  An electric eel (Lair:4)
  23 orc priests
  5 hounds
  7 jellies
  2 gnoll boudas
  Natasha (thrice) (D:4 D:1)
  8 iguanas
  28 orc wizards
  A yak simulacrum (Lair:1)
  15 mummies (Zig:20)
  5 adders
  16 gnolls
  A shadow imp (D:6)
  5 white imps
  2 dart slugs
  4 worms
  81 orcs
  5 ball pythons
  6 endoplasms
  4 giant cockroaches
  4 goblins
  9 hobgoblins
  22 kobolds
  3 quokkas
  6 bats
  4 frilled lizards
  2 rats (D:2)
  3 lurking horrors (Spider:3)
  A starspawn tentacle (Zig:22)
2606 creatures vanquished.

Vanquished Creatures (collateral kills)
  A juggernaut (Depths:1)
  A pandemonium lord (Zig:8)
  Sojobo (Depths:2)
  A caustic shrike (Depths:3)
  A doom hound (Zig:19)
  3 pearl dragons (Zig:27)
  An iron giant (Zig:9)
  3 tentacled monstrosities
  2 liches
  A Hell Sentinel (Zig:9)
  A titan (Vaults:5)
  A deep elf master archer (Elf:3)
  2 death cobs
  6 acid blobs
  Agnes (Spider:3)
  3 shadow dragons
  A draconian monk (Depths:4)
  3 azure jellies (Slime:5)
  A revenant (Zig:7)
  A fenstrider witch (Swamp:1)
  6 rockslimes
  An iron dragon (Depths:3)
  4 fire giants
  2 frost giants (Depths:2)
  3 spectral caustic shrikes (Depths:2)
  3 emperor scorpions
  2 deep elf sorcerers
  2 vault wardens
  3 deep elf elementalists (Elf:3)
  A formless jellyfish (Slime:5)
  3 ghouls
  A curse skull (Zig:15)
  A draconian scorcher (Zig:18)
  A spriggan defender (Depths:3)
  5 quicksilver oozes
  An orc warlord (Vaults:2)
  An angel (Zig:27)
  A very ugly thing (Depths:4)
  Louise (Swamp:2)
  A war gargoyle (Vaults:3)
  A reaper (Depths:1)
  2 ironbound thunderhulks (Vaults:3)
  2 vampire knights
  5 stone giants
  A green draconian (Zig:18)
  An apis (Zig:27)
  A white draconian (Zot:3)
  3 deep elf demonologists (Elf:3)
  A red draconian (Depths:4)
  A deep elf annihilator (Elf:3)
  3 eleionomae
  3 dire elephants
  5 bunyips
  A spark wasp (Depths:1)
  An eidolon (Zig:21)
  A yellow draconian (Zot:3)
  A jiangshi (Zig:15)
  2 fire dragons (Swamp:4)
  5 deep elf death magi (Elf:3)
  5 shambling mangroves
  4 yaktaur captains
  2 ettins
  2 entropy weavers
  A vault guard (Vaults:4)
  4 deep elf high priests
  A quicksilver dragon skeleton (Depths:2)
  5 great orbs of eyes
  An ice dragon (Depths:1)
  2 ironbound frosthearts
  An anaconda (Zig:11)
  6 alligators
  2 centaur warriors (Vaults:1)
  9 hydras
  2 ghost crabs (Swamp:1)
  3 dancing weapons
  A boulder beetle (Vaults:3)
  A two-headed ogre (Zot:1)
  A deep troll shaman (Depths:2)
  A deep troll earth mage (Depths:3)
  A demonic crawler (Spider:4)
  A hell hog (Zig:22)
  A soul eater (Depths:2)
  4 deep elf knights
  3 hell knights
  3 iron trolls
  A flayed ghost (Vaults:3)
  A death drake (Swamp:1)
  A pharaoh ant (Spider:4)
  A shadow demon (Depths:4)
  5 deep trolls
  4 skeletal warriors (Depths:2)
  A goliath frog (Swamp:1)
  A sun moth (Zig:27)
  A death drake (shapeshifter) (Depths:2)
  A glowing orange brain (Slime:5)
  3 swamp dragons
  6 bog bodies
  2 golden dragon skeletons (Depths:2)
  A spriggan druid (Swamp:1)
  4 arcanists
  2 phantasmal warriors
  A starcursed mass (Zig:22)
  10 deep elf pyromancers
  5 deep elf archers
  5 orc knights
  6 ironbound convokers
  A human zombie (Vaults:1)
  2 shining eyes
  6 deep elf zephyrmancers
  An orc sorcerer (Elf:1)
  4 lindwurms
  7 ugly things
  A will-o-the-wisp (Swamp:1)
  A stone giant skeleton (Depths:2)
  2 moths of wrath
  An iron dragon skeleton (Depths:2)
  A smoke demon (Depths:1)
  A black mamba (Zig:11)
  8 vault sentinels
  An eye of devastation (Slime:4)
  3 yaktaurs
  3 tengu conjurers (Depths:1)
  A guardian mummy (Zig:20)
  A troll (Zot:1)
  2 bloated husks (Swamp:1)
  12 hornets
  7 tyrant leeches
  A dream sheep (shapeshifter) (Depths:3)
  A glass eye (Slime:5)
  An air elemental (Elf:3)
  13 slime creatures
  A jumping spider (Spider:4)
  A flying skull (Depths:2)
  An ushabti (Zig:20)
  4 spriggans
  2 water elementals
  2 humans (Zot:3)
  A steam dragon (D:6)
  3 redbacks
  11 swamp worms
  A glowing shapeshifter skeleton (Zig:20)
  A water moccasin (shapeshifter) (Elf:1)
  2 swamp drakes
  A human simulacrum (Vaults:4)
  Crazy Yiuf (D:4)
  6 mummies (Zig:20)
  A kobold (D:11)
  A butterfly (Swamp:1)
  A starspawn tentacle (Zig:22)
370 creatures vanquished.

Vanquished Creatures (others)
  A fire giant (Zig:26)
  An eleionoma (Swamp:3)
  A pharaoh ant (Spider:1)
  A bloated husk (Swamp:2)
  A culicivora (Spider:4)
  A golden eye (Zig:22)
  A swamp worm (Swamp:1)
  A nameless horror (Swamp:2)
  2 swamp drakes (Swamp:4)
  550 fire vortices
  22 foxfires
  4 starspawn tentacles (Zig:22)
586 creatures vanquished.

Grand Total: 3562 creatures vanquished

Table legend:
 A = Non-vault XP
 B = Vault XP
 C = Vault XP percentage of total XP
 D = Non-vault monster count
 E = Vault monster count
 F = Vault count percentage of total count
                 A         B        C        D         E       F
            +---------+---------+-------+---------+---------+-------
      Total | 1457601 |  655736 |  31.0 |    2023 |     855 |  29.7
            +---------+---------+-------+---------+---------+-------
        D:1 |      68 |       0 |   0.0 |      19 |       0 |   0.0
        D:2 |      96 |       0 |   0.0 |      20 |       0 |   0.0
        D:3 |     267 |       0 |   0.0 |      26 |       0 |   0.0
        D:4 |     123 |     332 |  73.0 |       6 |       8 |  57.1
        D:5 |     772 |     179 |  18.8 |      23 |       6 |  20.7
        D:6 |     947 |       0 |   0.0 |      18 |       0 |   0.0
        D:7 |     467 |     606 |  56.5 |      10 |       2 |  16.7
        D:8 |    3296 |       0 |   0.0 |      26 |       0 |   0.0
        D:9 |    1311 |       0 |   0.0 |      25 |       0 |   0.0
       D:10 |    2808 |    1126 |  28.6 |      17 |       2 |  10.5
       D:11 |    3564 |    4407 |  55.3 |      21 |      21 |  50.0
       D:12 |    2105 |       0 |   0.0 |      13 |       0 |   0.0
       D:13 |    4802 |    3910 |  44.9 |       8 |       8 |  50.0
       D:14 |    5797 |    2369 |  29.0 |      15 |       4 |  21.1
       D:15 |    7440 |    6869 |  48.0 |      16 |      10 |  38.5
     Lair:1 |    4699 |    1029 |  18.0 |      16 |       6 |  27.3
     Lair:2 |    7442 |    1798 |  19.5 |      23 |       4 |  14.8
     Lair:3 |    9380 |    2190 |  18.9 |      31 |       5 |  13.9
     Lair:4 |    8202 |    3399 |  29.3 |      21 |      10 |  32.3
     Lair:5 |   18601 |   14364 |  43.6 |      52 |      48 |  48.0
    Swamp:1 |    7962 |   21077 |  72.6 |      13 |      37 |  74.0
    Swamp:2 |   11643 |    1123 |   8.8 |      21 |       1 |   4.5
    Swamp:3 |   10388 |    2271 |  17.9 |      21 |       3 |  12.5
    Swamp:4 |   20765 |   20171 |  49.3 |      37 |      31 |  45.6
   Spider:1 |    7610 |    5571 |  42.3 |      22 |       9 |  29.0
   Spider:2 |   21868 |    8787 |  28.7 |      57 |      11 |  16.2
   Spider:3 |   22180 |    2837 |  11.3 |      44 |       3 |   6.4
   Spider:4 |   15404 |   24424 |  61.3 |      37 |      45 |  54.9
    Slime:1 |    6399 |     919 |  12.6 |      13 |       3 |  18.8
    Slime:2 |    7002 |       0 |   0.0 |      18 |       0 |   0.0
    Slime:3 |   17040 |       0 |   0.0 |      19 |       0 |   0.0
    Slime:4 |   14280 |       0 |   0.0 |      22 |       0 |   0.0
    Slime:5 |   13755 |   32503 |  70.3 |      22 |      27 |  55.1
      Orc:1 |    2574 |    1887 |  42.3 |      23 |       3 |  11.5
      Orc:2 |    6417 |   11795 |  64.8 |      53 |      72 |  57.6
      Elf:1 |   16936 |    9893 |  36.9 |      27 |      17 |  38.6
      Elf:2 |    8260 |    1649 |  16.6 |      14 |       2 |  12.5
      Elf:3 |   16733 |   33872 |  66.9 |      29 |      32 |  52.5
   Vaults:1 |   13339 |   26059 |  66.1 |      16 |      35 |  68.6
   Vaults:2 |   29262 |    7228 |  19.8 |      49 |      12 |  19.7
   Vaults:3 |   13882 |   22069 |  61.4 |      21 |      29 |  58.0
   Vaults:4 |   34928 |   10296 |  22.8 |      53 |       7 |  11.7
   Vaults:5 |   42545 |   85505 |  66.8 |      61 |      76 |  55.5
   Depths:1 |   23679 |   17669 |  42.7 |      27 |      18 |  40.0
   Depths:2 |   26465 |   49315 |  65.1 |      33 |      63 |  65.6
   Depths:3 |   30826 |   33306 |  51.9 |      34 |      21 |  38.2
   Depths:4 |   44901 |   16539 |  26.9 |      41 |      18 |  30.5
      Zot:1 |   43123 |   34071 |  44.1 |      32 |      43 |  57.3
      Zot:2 |   32384 |    9583 |  22.8 |      27 |      10 |  27.0
      Zot:3 |   29348 |   15350 |  34.3 |      22 |      16 |  42.1
      Zot:4 |   50029 |     189 |   0.4 |      39 |       1 |   2.5
      Zot:5 |   17153 |   93821 |  84.5 |      11 |      40 |  78.4
      Zig:1 |     675 |       0 |   0.0 |       3 |       0 |   0.0
      Zig:2 |    2186 |    2440 |  52.7 |       3 |       4 |  57.1
      Zig:3 |    3784 |       0 |   0.0 |       5 |       0 |   0.0
      Zig:4 |    5066 |       0 |   0.0 |       5 |       0 |   0.0
      Zig:5 |    5665 |       0 |   0.0 |       7 |       0 |   0.0
      Zig:6 |    6665 |       0 |   0.0 |       9 |       0 |   0.0
      Zig:7 |    9916 |       0 |   0.0 |       9 |       0 |   0.0
      Zig:8 |   13119 |       0 |   0.0 |      10 |       0 |   0.0
      Zig:9 |   11624 |    1370 |  10.5 |       7 |       2 |  22.2
     Zig:10 |   13207 |       0 |   0.0 |      19 |       0 |   0.0
     Zig:11 |   14731 |       0 |   0.0 |      25 |       0 |   0.0
     Zig:12 |   28521 |       0 |   0.0 |      15 |       0 |   0.0
     Zig:13 |   36346 |    2716 |   7.0 |      17 |       4 |  19.0
     Zig:14 |   38054 |       0 |   0.0 |      20 |       0 |   0.0
     Zig:15 |   39208 |       0 |   0.0 |      26 |       0 |   0.0
     Zig:16 |   28383 |       0 |   0.0 |      26 |       0 |   0.0
     Zig:17 |    6531 |       0 |   0.0 |       9 |       0 |   0.0
     Zig:18 |    9985 |       0 |   0.0 |       9 |       0 |   0.0
     Zig:19 |   48791 |       0 |   0.0 |      30 |       0 |   0.0
     Zig:20 |   34780 |       0 |   0.0 |      71 |       0 |   0.0
     Zig:21 |   49069 |    1151 |   2.3 |      45 |       2 |   4.3
     Zig:22 |   47636 |       0 |   0.0 |      71 |       0 |   0.0
     Zig:23 |   10694 |       0 |   0.0 |       7 |       0 |   0.0
     Zig:24 |   30483 |       0 |   0.0 |      17 |       0 |   0.0
     Zig:25 |   62169 |    2231 |   3.5 |      62 |       4 |   6.1
     Zig:26 |   72686 |       0 |   0.0 |      63 |       0 |   0.0
     Zig:27 |   86360 |       0 |   0.0 |      69 |       0 |   0.0
   Gauntlet |       0 |    3471 | 100.0 |       0 |      20 | 100.0
            +---------+---------+-------+---------+---------+-------

Skill      XL: |  1  2  3  4  5  6  7  8  9 10 11 12 13 14 15 16 17 18 19 20 21 22 23 24 25 26 27 |
---------------+----------------------------------------------------------------------------------+-----
Air Magic      | 3 4 5 6 9 10 23 | 23.5
Conjurations   | 2 3 4 5 8 10 12 13 15 19 21 22 24 25 | 25.7
Fighting       | 8 10 11 12 14 25 | 25.0
Spellcasting   | 8 9 10 12 16 | 16.0
Dodging        | 6 7 10 12 | 12.0
Summonings     | 1 4 11 | 11.0
Poison Magic   | 1 3 |  3.0
Shields        | 4 6 |  6.0
Armour         | 4 7 9 10 | 10.0
Evocations     | 4 |  4.0
Long Blades    | 3 9 10 | 10.0
Fire Magic     | 7 10 12 16 19 20 22 23 27 | 27.0
Stealth        | |  1.7

Action                     |  1- 3 |  4- 6 |  7- 9 | 10-12 | 13-15 | 16-18 | 19-21 | 22-24 | 25-27 || total
---------------------------+-------+-------+-------+-------+-------+-------+-------+-------+-------++-------
  Melee: Unarmed           |    15 |     9 |       |       |       |       |       |       |       ||    24
         Short sword       |    12 |       |       |       |       |       |       |       |       ||    12
         Quarterstaff      |    10 |       |       |       |       |       |       |       |       ||    10
         Spear             |       |     9 |       |       |       |       |       |       |       ||     9
         Whip              |       |     7 |    68 |   179 |   139 |       |       |       |       ||   393
         Demon blade       |       |       |       |       |   202 |   340 |   250 |    55 |   123 ||   970
         Trident           |       |       |       |       |       |    23 |     9 |     2 |       ||    34
         Staff             |       |       |       |       |       |       |       |    30 |   122 ||   152
   Cast: Shock             |    91 |    83 |   191 |   295 |    98 |     1 |       |       |       ||   759
         Airstrike         |       |       |    15 |    54 |    35 |       |       |    41 |       ||   145
         Mephitic Cloud    |       |       |    17 |    38 |    14 |       |       |       |       ||    69
         Call Imp          |       |       |     2 |     2 |       |       |       |       |       ||     4
         Arcjolt           |       |       |       |    23 |   368 |    43 |       |       |       ||   434
         Plasma Beam       |       |       |       |       |    20 |   416 |   226 |    85 |    57 ||   804
         Sticky Flame      |       |       |       |       |     1 |       |       |       |       ||     1
         Freezing Cloud    |       |       |       |       |       |    27 |    11 |       |     1 ||    39
         Iskenderun's Myst |       |       |       |       |       |     6 |       |       |       ||     6
         Spellforged Servi |       |       |       |       |       |    54 |    60 |    48 |    35 ||   197
         Stone Arrow       |       |       |       |       |       |     1 |       |       |       ||     1
         Ignition          |       |       |       |       |       |       |    69 |    41 |    42 ||   152
         Fire Storm        |       |       |       |       |       |       |       |    96 |   299 ||   395
         Chain Lightning   |       |       |       |       |       |       |       |       |   198 ||   198
  Evoke: Wand              |       |       |       |    14 |    13 |     7 |     3 |     4 |    20 ||    61
         Condenser vane    |       |       |       |       |     2 |     2 |       |       |     3 ||     7
         Phantom mirror    |       |       |       |       |       |       |       |       |     2 ||     2
         Phial of floods   |       |       |       |       |       |       |       |       |     1 ||     1
    Use: Potion            |     1 |     2 |     1 |     4 |     1 |     4 |     3 |    10 |    46 ||    72
         Scroll            |       |     8 |     8 |    10 |    14 |    13 |     5 |     5 |    49 ||   112
   Stab: Confused          |       |       |    11 |    17 |     8 |     1 |       |       |       ||    37
         Sleeping          |       |       |       |     1 |     1 |       |       |       |       ||     2
         Invisible         |       |       |       |       |     1 |    21 |    12 |     1 |    10 ||    45
         Distracted        |       |       |       |       |       |     2 |     1 |     2 |     1 ||     6
 Armour: Robe              |    27 |    16 |     9 |       |    83 |   454 |   306 |   148 |       ||  1043
         Leather armour    |       |       |    52 |   207 |       |       |       |       |       ||   259
         Acid dragon scale |       |       |       |    48 |   419 |       |       |       |       ||   467
         Ring mail         |       |       |       |       |       |       |       |    16 |   137 ||   153
         Pearl dragon scal |       |       |       |       |       |       |       |       |   500 ||   500
  Dodge: Dodged            |    42 |    19 |    72 |   302 |   592 |   648 |   285 |   181 |   578 ||  2719
  Block: Buckler           |       |       |    10 |   128 |   239 |   181 |    84 |    46 |   237 ||   925
         Reflection        |       |       |       |       |       |     7 |       |       |       ||     7

Illustrated notes

Table legend:
 A = Kills in this place as a percentage of kills in the entire game.
 B = Kills by you in this place as a percentage of kills by you in the entire game.
 C = Kills by friends in this place as a percentage of kills by friends in the entire game.
 D = Other kills in this place as a percentage of other kills in the entire game.
 E = Experience gained in this place as a percentage of experience gained in the entire game.
 F = Experience gained in this place divided by the number of levels of this place that you have seen.
                   A       B       C       D       E      F
               +-------+-------+-------+-------+-------+----------------------
         Total | 100.0 | 100.0 | 100.0 | 100.0 | 100.0 | 27157.3
       Dungeon |  12.9 |  14.3 |   0.8 |  58.8 |   5.5 | 8101.5
          Lair |   7.3 |   8.4 |   0.0 |   5.9 |   3.2 | 14220.8
         Swamp |   5.6 |   2.9 |  23.8 |  11.8 |   4.3 | 23850.0
   Spider Nest |   7.7 |   8.4 |   2.5 |  11.8 |   4.9 | 27170.2
    Slime Pits |   4.2 |   3.3 |  11.0 |   0.0 |   4.2 | 18379.6
  Orcish Mines |   5.1 |   5.8 |   0.3 |   0.0 |   1.0 | 11336.5
   Elven Halls |   4.1 |   2.8 |  13.7 |   0.0 |   4.0 | 29114.3
        Vaults |  12.2 |  11.4 |  18.4 |   0.0 |  13.0 | 57022.6
        Depths |   8.9 |   8.0 |  15.6 |   0.0 |  11.4 | 62652.2
           Zot |   8.5 |   9.2 |   4.4 |   0.0 |  15.3 | 67137.6
      Ziggurat |  22.9 |  24.9 |   9.6 |   5.9 |  33.0 | 26897.9
      Gauntlet |   0.7 |   0.7 |   0.0 |   5.9 |   0.2 | 3471.0
               +-------+-------+-------+-------+-------+----------------------

Table legend: (Time is in decaauts)
 A = Elapsed time spent in this place.
 B = Non-inter-level travel time spent in this place.
 C = Inter-level travel time spent in this place.
 D = Time resting spent in this place.
 E = Time spent auto-exploring this place.
 F = Levels seen in this place.
 G = Mean time per level.
                   A        B        C        D        E       F      G
               +--------+--------+--------+--------+--------+-----+--------+
         Total |  97342 |  90775 |   6567 |  28839 |  47414 |  81 | 1201.8 |
       Dungeon |  23238 |  21099 |   2139 |   4206 |  13539 |  15 | 1549.2 |
        Temple |     12 |      8 |      4 |      0 |      0 |   1 |   12.0 |
          Lair |   9780 |   9000 |    780 |   2466 |   5207 |   5 | 1956.0 |
         Swamp |   7524 |   7258 |    266 |   2680 |   3699 |   4 | 1881.0 |
   Spider Nest |  11394 |  10962 |    432 |   5110 |   4618 |   4 | 2848.5 |
    Slime Pits |   3338 |   3187 |    151 |   1649 |    874 |   5 |  667.6 |
  Orcish Mines |   2772 |   2480 |    292 |    750 |   1404 |   2 | 1386.0 |
   Elven Halls |   4885 |   4544 |    341 |   1148 |   2530 |   3 | 1628.3 |
        Vaults |   9921 |   9320 |    601 |   1827 |   6412 |   5 | 1984.2 |
        Depths |  10361 |   9373 |    988 |   4077 |   4076 |   4 | 2590.2 |
           Zot |  10407 |   9837 |    570 |   3395 |   4849 |   5 | 2081.4 |
      Ziggurat |   3111 |   3111 |      0 |   1261 |     68 |  27 |  115.2 |
      Gauntlet |    594 |    594 |      0 |    269 |    137 |   1 |  594.0 |
               +--------+--------+--------+--------+--------+-----+--------+

Top non-repeatable levels by time:
Spider:2: 3700 daAuts
Spider:3: 3692 daAuts
Depths:3: 3372 daAuts
    D:11: 3023 daAuts
Depths:1: 3014 daAuts
Vaults:4: 2698 daAuts
Spider:4: 2671 daAuts
   Zot:3: 2655 daAuts
 Swamp:1: 2633 daAuts
  Lair:5: 2592 daAuts
   Zot:5: 2579 daAuts
Depths:2: 2288 daAuts
   Elf:3: 2266 daAuts
   Zot:1: 2256 daAuts
     D:6: 2167 daAuts
